 Dungeon Crawl Stone Soup version 0.30-a0-1164-ge08a67761e (webtiles) character file.

Game seed: 1766259210191173933

719810 ytrimaz the Intangible (level 27, -11/219 HPs)
             Began as a Demonspawn Gladiator on Apr 28, 2023.
             Was the Champion of Jiyva.
             Killed from afar by an orb of fire (25 damage)
             ... with a bolt of fire
             ... while petrified
             ... on level 5 of the Realm of Zot on Apr 30, 2023.
             The game lasted 02:27:47 (58822 turns).

ytrimaz the Intangible (Demonspawn Gladiator)      Turns: 58822, Time: 02:27:48

Health: -11/219    AC: 38    Str: 25 (26) XL:     27
Magic:  33/33      EV:  2    Int:  8 (11) God:    Jiyva [******]
Gold:   3033       SH:  0    Dex: 29      Spells: 36/46 levels left

rFire   + . .        p - +9 demon blade (spect)
rCold   + + +        Z - +3 warlock's mirror {omnireflect}
rNeg    + + +        f - +9 scales of the Dragon King {rPois rF+ rC+ Will+}
rPois   ∞            e - +2 helmet "Ubumaof" {rC+ Stlth+}
rElec   .            T - +2 cloak of Egageut {rPois rN+ Str+9 Stlth-}
rCorr   +            (gloves unavailable)
SInv    .            (boots unavailable)
Will    ++++.        F - amulet "Yxur" {Regen+ Slay+5} Stlth
                     a - ring of Cyedeowu {rPois rC++ rN+}
HPRegen 2.96/turn    U - ring "Lintytud" {rC+ Dex+6 Stlth+}
MPRegen 0.73/turn

%: reflection
@: petrified, studying 2 skills
A: yellow scales 3, spiny 3, black mark, demonic magic 3, bedeviling, aura of
silence, demonic touch 3, talons 3, clumsy 1, frail 1, low MP 1, strong-willed
1, mutation resistance 2, sense surroundings 1, screaming 1, gelatinous body 1,
tendrils, engulf
}: 5/15 runes: decaying, serpentine, slimy, silver, abyssal
a: Renounce Religion, Oozemancy, Slimify


You were on level 5 of the Realm of Zot.
You worshipped Jiyva.
Jiyva was exalted by your worship.
You visited 12 branches of the dungeon, and saw 56 of its levels.
You visited the Abyss 1 time.
You visited 1 bazaar.
You visited 1 ziggurat, and saw 5 of its levels.
You also visited: Trove, Bailey, Ice Cave and Wizlab.

You collected 7448 gold pieces.
You spent 4415 gold pieces at shops.


Innate Abilities, Weirdness & Mutations

You are completely covered in yellow scales. (AC +4, rCorr)
You are completely covered in sharp spines.
Your melee attacks may debilitate your foes.
Spells you cast and wands you use may paralyse nearby enemies.
Your hexes are more powerful.
You are surrounded by an aura of silence.
Your touch may irresistibly damage your foes and sap their willpower.
You have claws for feet.
You are clumsy. (Dex -2)
You are frail. (-10% HP)
Your magical capacity is low. (-10% MP)
You are strong-willed. (Will+)
You are somewhat resistant to both further mutation and mutation removal.
You passively map a small area around you.
You occasionally shout uncontrollably at your foes.
Your rubbery body absorbs attacks. (AC +1, EV +1)
You are covered in slimy tendrils that may disarm your opponents.
Your melee attacks may engulf your foes in ooze.


   Skills:
 + Level 25.8 Fighting
 - Level 1.3(14.0) Short Blades
 + Level 21.2 Long Blades
 - Level 1.7 Throwing
 - Level 10.0 Armour
 O Level 27 Dodging
 - Level 16.0 Shields
 - Level 10.0 Spellcasting
 - Level 3.0 Conjurations
 - Level 15.0 Hexes


You had 36 spell levels left.
You knew the following spells:

 Your Spells              Type           Power      Damage    Failure   Level
a - Cause Fear            Hex            21%        N/A       16%         4
b - Yara's Violent Unrav  Hex/Tmut       12%        3d7       100%        5
c - Magic Dart            Conj           32%        1d4       92%         1

Your spell library contained the following spells:

 Spells                   Type           Power      Damage    Failure   Level
 Slow                     Hex            100%       N/A       1%          1
 Confusing Touch          Hex            42%        N/A       4%          3
 Tukima's Dance           Hex            42%        N/A       4%          3
 Ensorcelled Hibernation  Hex/Ice        48%        N/A       47%         2
 Dazzling Flash           Conj/Hex       54%        N/A       50%         3
 Portal Projectile        Hex/Tloc       48%        N/A       71%         3
 Summon Guardian Golem    Hex/Summ       24%        N/A       71%         3
 Fulminant Prism          Conj/Hex       13%        3d9       88%         4
 Searing Ray              Conj           16%        2d5       98%         2
 Anguish                  Hex/Necr       12%        N/A       98%         4
 Leda's Liquefaction      Hex/Erth       12%        N/A       98%         4
 Foxfire                  Conj/Fire      24%        2x1d5     99%         1
 Kiss of Death            Conj/Necr      24%        2d7       99%         1
 Static Discharge         Conj/Air       12%        2-3/arc   99%         2
 Beastly Appendage        Tmut           8%         N/A       100%        1
 Necrotise                Necr           16%        1d4       100%        1
 Sandblast                Erth           8%         2d5       100%        1
 Sting                    Tmut/Pois      16%        1d3       100%        1
 Call Imp                 Summ           8%         N/A       100%        2
 Cigotuvi's Dreadful Rot  Necr/Pois/Air  8%         N/A       100%        2
 Lesser Beckoning         Tloc           8%         N/A       100%        2
 Passwall                 Tmut/Erth      3%         N/A       100%        2
 Poisonous Vapours        Pois/Air       8%         N/A       100%        2
 Wereblood                Tmut           4%         N/A       100%        2
 Call Canine Familiar     Summ           4%         N/A       100%        3
 Frozen Ramparts          Ice            8%         1d2       100%        3
 Gell's Gravitas          Tloc           4%         N/A       100%        3
 Ignite Poison            Fire/Tmut/Pois 4%         N/A       100%        3
 Mephitic Cloud           Conj/Pois/Air  5%         N/A       100%        3
 Ozocubu's Armour         Ice            4%         N/A       100%        3
 Spider Form              Tmut/Pois      4%         N/A       100%        3
 Stone Arrow              Conj/Erth      12%        3d7       100%        3
 Teleport Other           Tloc           4%         N/A       100%        3
 Vampiric Draining        Necr           4%         2d6       100%        3
 Vhi's Electric Charge    Tloc/Air       8%         N/A       100%        3
 Airstrike                Air            2%         2d(1-17)  100%        4
 Animate Armour           Summ/Erth      8%         N/A       100%        4
 Ice Form                 Ice/Tmut       4%         N/A       100%        4
 Iskenderun's Mystic Bla  Conj/Tloc      6%         2d4       100%        4
 Olgreb's Toxic Radiance  Pois           4%         N/A       100%        4
 Passage of Golubria      Tloc           4%         N/A       100%        4
 Petrify                  Tmut/Erth      4%         N/A       100%        4
 Sticky Flame             Conj/Fire      6%         2d3       100%        4
 Summon Ice Beast         Ice/Summ       4%         N/A       100%        4
 Summon Lightning Spire   Summ/Air       4%         N/A       100%        4
 Agony                    Necr           4%         N/A       100%        5
 Alistair's Intoxication  Tmut/Pois      2%         N/A       100%        5
 Arcjolt                  Conj/Air       3%         1d13      100%        5
 Blade Hands              Tmut           2%         N/A       100%        5
 Borgnjor's Vile Clutch   Necr/Erth      2%         N/A       100%        5
 Fireball                 Conj/Fire      3%         3d4       100%        5
 Freezing Cloud           Conj/Ice/Air   2%         6-21      100%        5
 Iskenderun's Battlesphe  Conj           8%         2d6       100%        5
 Lee's Rapid Deconstruct  Erth           2%         3d4*      100%        5
 Metabolic Englaciation   Hex/Ice        12%        N/A       100%        5
 Silence                  Hex/Air        12%        N/A       100%        5
 Summon Forest            Summ/Tloc      2%         N/A       100%        5
 Summon Mana Viper        Hex/Summ       24%        N/A       100%        5
 Death Channel            Necr           2%         N/A       100%        6
 Dispersal                Tloc           2%         N/A       100%        6
 Eringya's Noxious Bog    Tmut/Pois      2%         N/A       100%        6
 Iron Shot                Conj/Erth      3%         9d2       100%        6
 Plasma Beam              Fire/Air       2%         2x1d13    100%        6
 Simulacrum               Ice/Necr       2%         N/A       100%        6
 Statue Form              Tmut/Erth      2%         N/A       100%        6
 Enfeeble                 Hex            21%        N/A       100%        7
 Malign Gateway           Summ/Tloc      2%         N/A       100%        7
 Monstrous Menagerie      Summ           2%         N/A       100%        7
 Orb of Destruction       Conj           4%         9d5       100%        7
 Ozocubu's Refrigeration  Ice            2%         4d7       100%        7
 Spellforged Servitor     Conj/Summ      3%         N/A       100%        7
 Storm Form               Tmut/Air       2%         N/A       100%        7
 Borgnjor's Revivificati  Necr           2%         N/A       100%        8
 Discord                  Hex            21%        N/A       100%        8
 Ignition                 Fire           2%         3d3       100%        8
 Infestation              Necr           2%         N/A       100%        8
 Lehudib's Crystal Spear  Conj/Erth      3%         10d2      100%        8
 Maxwell's Capacitive Co  Air            2%         ∞         100%        8
 Necromutation            Tmut/Necr      2%         N/A       100%        8
 Summon Horrible Things   Summ           2%         N/A       100%        8
 Death's Door             Necr           2%         N/A       100%        9

Inventory:

Hand Weapons
 p - a +9 spectral demon blade (weapon)
   (You took it off Margery on level 2 of the Vaults)
Missiles
 u - 3 silver javelins
Armour
 e - the +2 helmet "Ubumaof" (worn) {rC+ Stlth+}
   (You found it on level 3 of a ziggurat)

   rC:        It protects you from cold.
   Stlth:     It makes you more stealthy.
 f - the +9 scales of the Dragon King (worn) {rPois rF+ rC+ Will+}
   (You bought it in a shop on level 8 of the Dungeon)

   rF:        It protects you from fire.
   rC:        It protects you from cold.
   rPois:     It protects you from poison.
   Will:      It increases your willpower.
 r - +10 storm dragon scales {Bai Suzhen}
   (You found it on level 2 of the Vaults)
 G - quicksilver dragon scales
   (You found it in a bailey)
 R - a +2 pair of boots of flying
   (You found it in a treasure trove)
 T - the +2 cloak of Egageut (worn) {rPois rN+ Str+9 Stlth-}
   (You found it on level 5 of the Vaults)

   Str:       It affects your strength (+9).
   rPois:     It protects you from poison.
   rN:        It protects you from negative energy.
   Stlth:     It makes you less stealthy.
 Z - the +3 warlock's mirror (worn) {omnireflect}
   (You acquired it on level 3 of the Snake Pit)

   Omnireflect: It can block and reflect piercing ranged attacks and magical
   attacks against the wielder's willpower.
Jewellery
 a - the ring of Cyedeowu (left hand) {rPois rC++ rN+}
   (You found it on level 5 of the Pits of Slime)

   [ring of positive energy]

   rC:        It greatly protects you from cold.
   rPois:     It protects you from poison.
   rN:        It protects you from negative energy.
 i - a +5 ring of evasion
   (You found it on level 4 of a ziggurat)
 j - a ring of willpower
   (You found it on level 1 of the Realm of Zot)
 y - the ring "Taduxar" {Ice rElec rPois Will+}
   (You took it off Josephina on level 4 of the Realm of Zot)

   [ring of ice]

   It enhances your ice magic.
   rF:        It makes you vulnerable to fire.
   rC:        It protects you from cold.
   rElec:     It insulates you from electricity.
   rPois:     It protects you from poison.
   Will:      It increases your willpower.
 A - the ring of the Townfolk {Fly rN+ Int+6 Slay-5 SInv}
   (You found it on level 4 of the Realm of Zot)

   [ring of intelligence]

   Int:       It affects your intelligence (+6).
   Slay:      It affects your accuracy & damage with ranged weapons and melee
   (-5).
   rN:        It protects you from negative energy.
   SInv:      It lets you see invisible.
   Fly:       It grants you flight.
 F - the amulet "Yxur" (around neck) {Regen+ Slay+5}
   (You acquired it in a bailey)

   [amulet of regeneration]

   Slay:      It affects your accuracy & damage with ranged weapons and melee
   (+5).
   Regen:     It increases your rate of health regeneration.
 U - the ring "Lintytud" (right hand) {rC+ Dex+6 Stlth+}
   (You took it off a deep elf zephyrmancer on level 3 of the Elven Halls)

   [ring of dexterity]

   Dex:       It affects your dexterity (+6).
   rC:        It protects you from cold.
   Stlth:     It makes you more stealthy.
Wands
 g - a wand of iceblast (10)
   (You found it on level 4 of a ziggurat)
 l - a wand of charming (4)
   (You found it on level 1 of the Realm of Zot)
 o - a wand of flame (130)
   (You found it on level 6 of the Dungeon)
 t - a wand of digging (25)
   (You found it on level 13 of the Dungeon)
 J - a wand of polymorph (8)
   (You found it on level 4 of the Realm of Zot)
 Q - a wand of acid (27)
   (You found it on level 3 of the Snake Pit)
Scrolls
 c - 2 scrolls of amnesia
 h - 9 scrolls of fear
 n - 21 scrolls of teleportation
 s - 6 scrolls of blinking
 v - 5 scrolls of silence
 w - 4 scrolls of enchant weapon
 C - 8 scrolls of fog
 D - a scroll of magic mapping
 M - 3 scrolls of enchant armour
Potions
 b - 6 potions of invisibility
 d - 3 potions of haste
 k - 6 potions of might
 m - 23 potions of curing
 q - 9 potions of flight
 z - a potion of brilliance
 E - 7 potions of cancellation
 H - 9 potions of attraction
 I - a potion of resistance
 L - 4 potions of magic
 W - 5 potions of berserk rage
 X - 8 potions of mutation

Dungeon Overview and Level Annotations

Branches:
Dungeon (15/15) Zot: 25155  Temple (0/1) D:7            Lair (5/5) D:9 Zot: 23829
  Swamp (4/4) Lair:3 Zot: 21675   Snake (4/4) Lair:2 Zot: 20406   Slime (5/5) Lair:5 Zot: 26684
    Orc (2/2) D:12 Zot: 10374     Elf (3/3) Orc:2 Zot: 14764  Vaults (5/5) D:14 Zot: 24013
  Crypt (3/3) Vaults:3 Zot: 14927    Tomb (0/3) Crypt:3      Depths (4/4) D:15 Zot: 19263
   Hell (visited)             Zot (5/5) Depths:4 Zot: 25774  Bailey (visited)
  IceCv (visited)          WizLab (visited)
    Dis: Hell:1         Geh: Hell:1         Coc: Hell:1         Tar: Hell:1

Altars:
Dithmenos
Fedhas
Gozag
Hepliaklqana
Kikubaaqudgha
Makhleb
Nemelex Xobeh
Okawaru
Ru
Sif Muna
Trog
Uskayaw
Xom
Yredelemnul
Jiyva

Shops:
D:3 **   D:8 [   D:12 (   Orc:2 *[((:   Elf:2 !   Snake:1 [   Snake:2 [*(*[
Vaults:1 !   Depths:4 *

Portals:
Hell: Depths:1 Depths:2 Depths:3 Depths:4
Abyss: Depths:1 Depths:3
Pandemonium: Depths:2 Depths:3

Annotations:
Lair:3 exclusion: oklob plant
Lair:4 1 runed translucent door, Helops's ghost, journeyman OpTm
Snake:2 1 runed translucent door, Dowom's ghost, adept MfGl
Slime:4 Dissolution
Slime:5 Royal Jelly
Hell Geryon

* , , #▓▓▓▓▓▓▓▓▓▓▓##, ,
###..§.....○.... , #
##....##.........
###########...###..^....^..
,
.....J.......###..dd[......
.^..........## #dXqq.......
, ............#
#**.d....... ...........##
#@*......... ...........#
#..........^ ,
...........## #...........
^ ^ ............#
##......... , ,
........^...## ##....... ,,
^ ........^....# #...... ,
#####.########▓▓▓▓
############# #..###
#...#.# #.....# ##...#
##....# ##...##


You could see 3 orbs of fire, a friendly tentacled monstrosity (summoned,
misshapen), a friendly purple draconian (summoned, corroded), 2 friendly
draconians, a friendly white draconian (summoned) and 2 friendly draconians.


Message History

The storm dragon tramples your red draconian.
Your red draconian stumbles backwards!
The orb of fire glows yellow.
Strange energies course through your body.
You feel less energetic.
Your red draconian hits the storm dragon with a +0 glaive.
Your purple draconian hits the orb of fire from afar with a +0 glaive!
Your tentacled monstrosity tentacle-slaps the orb of fire but does no damage. x2
Your tentacled monstrosity closely misses the orb of fire.
Your green draconian closely misses the orb of fire.
Your green draconian hits the orb of fire but does no damage.
Your green draconian misses the orb of fire.
Your red draconian hits the storm dragon with a +0 short sword!
The orb of fire glows deep purple.
The bolt of fire hits you! You resist.
* * * LOW HITPOINT WARNING * * *
The storm dragon bites your red draconian!
The storm dragon claws your red draconian.
The storm dragon barely misses your red draconian.
Your red draconian scorcher misses the storm dragon.
Your yellow draconian annihilator spits acid at the orb of fire.
The glob of acid hits the orb of fire!!
The acid corrodes the orb of fire!
The acid splashes onto you!
You are splashed with acid.
You resist.
* * * LOW HITPOINT WARNING * * *
The acid splashes onto the orb of fire!
The orb of fire is splashed with acid.
The acid corrodes the orb of fire!
The acid splashes onto the orb of fire!
The orb of fire is splashed with acid.
The acid corrodes the orb of fire!
The acid splashes onto your green draconian!
Your green draconian is splashed with acid!
The acid corrodes your green draconian!
Your tentacled monstrosity misses the orb of fire.
Your tentacled monstrosity tentacle-slaps the orb of fire but does no damage.
Your tentacled monstrosity tentacle-slaps the orb of fire.
Your green draconian hits the orb of fire with a +0 battleaxe! x2
Your green draconian tail-slaps the orb of fire!
Your purple draconian closely misses the orb of fire.
Your red draconian hits the storm dragon with a +0 glaive!
Your red draconian hits the storm dragon with a +0 short sword!
The storm dragon dies!
The storm dragon scales are intact enough to wear.
The orb of fire emits a lurid red light.
The fireball explodes!
The fireball engulfs you!! You resist.
* * * LOW HITPOINT WARNING * * *
The fireball engulfs the orb of fire.
The orb of fire completely resists.
The fireball engulfs the orb of fire.
The orb of fire completely resists.
The fireball engulfs the orb of fire.
The orb of fire completely resists.
The orb of fire glows bright magenta.
The fireball explodes!
The fireball engulfs you!! You resist.
* * * LOW HITPOINT WARNING * * *
The fireball engulfs the orb of fire.
The orb of fire completely resists.
The fireball engulfs the orb of fire.
The orb of fire completely resists.
The fireball engulfs the orb of fire.
The orb of fire completely resists.
The orb of fire glows bright magenta.
The fireball explodes!
The fireball engulfs your green draconian!!!
The fireball engulfs your white draconian!!
The fireball engulfs the orb of fire.
The orb of fire completely resists.
The fireball engulfs your yellow draconian annihilator!!!
Your yellow draconian annihilator dies!
Your yellow draconian annihilator's corpse dissolves into shadows!
The fireball engulfs your red draconian scorcher!!
Your red draconian scorcher resists.
The fireball engulfs the orb of fire.
The orb of fire completely resists.
The fireball engulfs your purple draconian!!!
The fireball engulfs your tentacled monstrosity!!
Your tentacled monstrosity resists.
Your tentacled monstrosity tentacle-slaps the orb of fire!
Your tentacled monstrosity completely misses the orb of fire.
Your tentacled monstrosity barely misses the orb of fire.
Your green draconian misses the orb of fire.
Your green draconian completely misses the orb of fire.
Your green draconian misses the orb of fire.
Your red draconian scorcher completely misses the orb of fire.
Your purple draconian barely misses the orb of fire.
The orb of fire emits a lurid red light.
The fireball explodes!
The fireball engulfs your tentacled monstrosity!!
Your tentacled monstrosity resists.
The fireball engulfs your green draconian!!!!
Your green draconian dies!
Your green draconian's corpse dissolves into shadows!
The fireball engulfs the orb of fire.
The orb of fire completely resists.
The fireball engulfs the orb of fire.
The orb of fire completely resists.
The fireball engulfs your red draconian!!
Your red draconian resists.
The fireball engulfs your red draconian scorcher!!
Your red draconian scorcher resists.
The fireball engulfs your red draconian scorcher!!
Your red draconian scorcher resists.
Your red draconian barely misses the orb of fire.
Your red draconian scorcher says, "I'll never leave you."
Your white draconian misses the orb of fire.
Your purple draconian hits the orb of fire from afar with a +0 glaive.
Your red draconian scorcher hits the orb of fire with a +0 rapier.
The orb of fire glows yellow.
Strange energies course through your body.
You feel odd for a moment.
The orb of fire emits a lurid red light.
The bolt of fire hits you!!! You resist.
You die...

Skill      XL: |  1  2  3  4  5  6  7  8  9 10 11 12 13 14 15 16 17 18 19 20 21 22 23 24 25 26 27 |
---------------+----------------------------------------------------------------------------------+-----
Long Blades    | 3 4 5 6 7 9 11 12 14 15 16 17 21 | 21.2
Dodging        | 3 4 5 6 8 9 11 13 15 16 17 19 20 21 22 23 24 26 27 | 27.0
Fighting       | 3 8 11 13 15 17 19 20 21 22 25 | 25.8
Conjurations   | 3 |  3.0
Spellcasting   | 5 6 8 10 | 10.0
Shields        | 4 6 10 11 14 16 | 16.0
Armour         | 1 8 10 | 10.0
Hexes          | 4 8 12 15 | 15.0
Short Blades   | 1 |  1.3
Throwing       | |  1.7

Action                     |  1- 3 |  4- 6 |  7- 9 | 10-12 | 13-15 | 16-18 | 19-21 | 22-24 | 25-27 || total
---------------------------+-------+-------+-------+-------+-------+-------+-------+-------+-------++-------
  Melee: Long sword        |    75 |   120 |   298 |   335 |       |       |       |       |       ||   828
         Short sword       |    18 |       |       |       |       |       |       |       |       ||    18
         Punch             |     1 |       |     2 |     8 |    12 |     3 |       |       |       ||    26
         Touch             |       |    15 |    55 |   127 |   148 |    35 |       |       |       ||   380
         Scimitar          |       |       |       |   278 |   602 |   232 |       |       |       ||  1112
         Unarmed           |       |       |       |       |     2 |       |       |       |       ||     2
         Falchion          |       |       |       |       |       |   551 |       |       |       ||   551
         Demon blade       |       |       |       |       |       |   576 |   979 |  1440 |  2018 ||  5013
         Bite              |       |       |       |       |       |   104 |   283 |   144 |       ||   531
         Double sword      |       |       |       |       |       |       |   194 |       |       ||   194
         Headbutt          |       |       |       |       |       |       |       |   101 |       ||   101
         Rapier            |       |       |       |       |       |       |       |    44 |       ||    44
         Kick              |       |       |       |       |       |       |       |       |   138 ||   138
  Throw: Throwing net      |       |     2 |     2 |       |       |       |       |       |       ||     4
   Cast: Magic Dart        |       |       |       |       |    42 |    18 |     1 |       |       ||    61
         Cause Fear        |       |       |       |       |       |       |       |     5 |     5 ||    10
 Invoke: Oozemancy         |       |       |       |       |       |     2 |     1 |     2 |     2 ||     7
  Evoke: Wand              |       |       |       |    20 |       |     7 |       |       |     4 ||    31
    Use: Scroll            |     3 |     4 |     8 |    12 |     6 |     8 |     1 |    11 |    15 ||    68
         Potion            |       |     1 |     1 |     2 |     2 |    11 |     2 |     2 |    14 ||    35
   Stab: Sleeping          |     1 |     1 |     4 |       |       |     5 |     7 |       |       ||    18
         Paralysed         |       |       |       |       |    16 |     4 |     7 |       |     1 ||    28
         Invisible         |       |       |       |       |       |     3 |       |       |       ||     3
         Distracted        |       |       |       |       |       |    22 |    27 |    24 |    65 ||   138
         Confused          |       |       |       |       |       |       |     1 |     8 |     3 ||    12
         Petrified         |       |       |       |       |       |       |       |       |     3 ||     3
 Armour: Leather armour    |    30 |    18 |    47 |    11 |       |       |       |       |       ||   106
         Quicksilver drago |       |       |       |   100 |   127 |   264 |   192 |    18 |       ||   701
         Steam dragon scal |       |       |       |     9 |       |       |       |       |       ||     9
         Ice dragon scales |       |       |       |       |       |    55 |       |       |       ||    55
         Storm dragon scal |       |       |       |       |       |       |       |   225 |   202 ||   427
         Gold dragon scale |       |       |       |       |       |       |       |    78 |   419 ||   497
  Dodge: Dodged            |    72 |    89 |   243 |   551 |   582 |  1235 |   998 |  1016 |  1757 ||  6543
  Block: Other             |       |       |    34 |    32 |       |       |       |       |       ||    66
         Reflection        |       |       |     4 |     1 |       |    21 |    69 |    75 |   106 ||   276
         Buckler           |       |       |       |       |       |   429 |   731 |   757 |  1201 ||  3118

Levels and vault maps discovered:
D:1:      minmay_arrival_plants_in_alcoves, layout_basic
D:2:      layout_loops_cross, basic_altar
D:3:      minmay_skewed_foursquare, layout_basic, serial_shops, shop,
          nicolae_shop_advertising_works [nicolae_subvault_shop_adworks]
D:4:      layout_loops_ring, nicolae_ru_path_of_blood,
          mainiacjoe_overflow_24_doors, kennysheep_little_box,
          minmay_ruined_shrine
D:5:      minmay_polygon_palace, layout_basic, uniq_prince_ribbit1,
          uniq_blork_the_orc
D:6:      nicolae_cairo_tiling_very_big, layout_rooms,
          mainiacjoe_overflow_alcove_4, nicolae_overflow_crystal_walls,
          elyvilon_altar_3, kennysheep_mini
D:7:      layout_basic, grunt_temple_overflow_open, okawaru_altar_gauntlet_db,
          lemuel_mausoleum_altar_kikubaaqudgha, minmay_temple_entry_glass,
          uniq_pikel, uniq_duvessa
D:8:      layout_rooms, lemuel_crystal_altar, special_room [special_room_orc],
          serial_shops, nicolae_shop_pleasant_corner_grove, enter_bailey_2
D:9:      cheibrodos_histonic, layout_basic, grunt_gozag_statues,
          hellmonk_lair_entry_icy, uniq_grum
D:10:     layout_irregular_city
D:11:     layout_rooms
D:12:     minmay_slanted_spiral_squares, layout_layer_cave, orc_david_3,
          hangedman_decor_opposing, minivault_15
D:13:     gammafunk_dig_for_victory, layout_irregular_city, enter_trove_1
D:14:     layout_loops_ring, erik_vaults_2, hangedman_decor_growths,
          serial_glass, glass_columns_a, glass_columns_a, glass_columns_a,
          glass_columns_a, glass_columns_a, glass_columns_b,
          minmay_strange_pillars, due_unseen_surprise
D:15:     grunt_enter_depths_hoard, layout_cave_pools, serial_shops,
          bzr_entry_gold, columned_hall_lemuel
Lair:1:   layout_layer_cave, lemuel_fruit_fields
Lair:2:   layout_cave_pods, dummy_snake_entry, st_stairs_3,
          chequers_serial_rivers_large_b, serial_bayou_shore_b
Lair:3:   layout_roguey, nicolae_swamp_entry_splash_gauntlet,
          minmay_lair_oklob_bushes, st_stairs_11, pdpol_lair_neglected_garden
Lair:4:   beargit_carnivore_pack, layout_hall_layers,
          ebering_ghost_funeral_grove, beast_lair_carwin_4, uniq_kirke
Lair:5:   evilmike_catoblepas_cave, layout_regular_city,
          nicolae_slime_entry_field_trip
Swamp:1:  layout_basic_swamp, evilmike_swamp_ruin_house_4, swamp_pool2
Swamp:2:  layout_basic_swamp, nicolae_swamp_some_circles
Swamp:3:  layout_basic_swamp, evilmike_swamp_ruin_house_5, swamp_pool5,
          infiniplex_staircase_pool_2
Swamp:4:  swamp_pestilence, layout_basic_swamp, swamp_pool1, uniq_louise
Snake:1:  layout_basic, portal_ice_cave_entry_dragon, serial_shops,
          shop_fountains, serial_bayou, serial_bayou_crossing,
          serial_bayou_pond_d, serial_bayou_lagoon_a, serial_bayou_pond_d,
          uniq_aizul, uniq_asterion, uniq_donald, uniq_azrael
Snake:2:  layout_grid_maze, serial_shops, nicolae_shop_back_alley_shop,
          ebering_ghost_inner_flame, lemuel_fruit_tree, minmay_shoptagon
Snake:3:  layout_misc_corridors, nicolae_snake_salamander_fort,
          nicolae_triple_integral, uniq_saint_roka
Snake:4:  minmay_snake_end_coiled, layout_onion
Slime:1:  layout_caves
Slime:2:  layout_caves, special_room [special_room_jelly]
Slime:3:  layout_caves
Slime:4:  layout_caves, dissolution_awaits
Slime:5
Orc:1:    layout_caves
Orc:2:    grunt_orc_cross, layout_caves, serial_shops, nicolae_shop_peninsula,
          bloody_makhleb, uniq_sonja
Elf:1:    nicolae_elf_arrival_fired_up, layout_geoelf_grid, orc_legates,
          minmay_elf_annihilation
Elf:2:    nicolae_elf_blades_crystal_corner, layout_rooms, serial_shops, shop,
          uniq_jorgrun
Elf:3:    minmay_elf_hall_quartered_circle, layout_geoelf_diagonals,
          minmay_strange_pillars
Vaults:1: infiniplex_enter_wizlab_water, vaults_room_large_hall,
          nicolae_vaults_three_branches, nicolae_vaults_trapezoid_lopsided_3,
          grunt_vaults_focal, nicolae_vaults_angled_halls,
          nicolae_vaults_specimen_jars, nicolae_vaults_diamond_1,
          nicolae_vaults_little_squares_3, nicolae_vaults_closet_pinwheel_4,
          layout_vaults_omnigrid, serial_glass, serial_shops,
          nicolae_shop_statue_plus
Vaults:2: nicolae_vaults_asterisk, nicolae_vaults_trapezoid_2, vaults_room_pool,
          nicolae_vaults_asterisk, hangedman_vaults_slither,
          hangedman_vaults_trim, ontoclasm_vaults_claustrophobia,
          vaults_dpeg_encased_lava, hangedman_vaults_hat,
          hangedman_vaults_stitches, nicolae_vaults_door_testing_chamber,
          nicolae_vaults_doubleplus_tesselated, nicolae_vaults_little_squares_3,
          layout_vaults_omnibox, uniq_margery, uniq_mara, uniq_bai_suzhen
Vaults:3: v_misc_15, v_misc_3, v_alt_pattern_2, minmay_crypt_entry_simple_box,
          st_lattice, nicolae_vaults_two_Ls,
          nicolae_vaults_offset_grid_hallway_4,
          nicolae_vaults_storage_closets_2, v_misc_17, nicolae_vaults_house_3,
          nicolae_vaults_more_shelving_1, nicolae_vaults_house_1,
          ontoclasm_vaults_decontamination, nicolae_vaults_diamond_1,
          nicolae_vaults_trapezoid_lopsided_3, layout_vaults_chaotic_city,
          uniq_nikola
Vaults:4: v_misc_5, nicolae_vaults_mitosis, v_misc_1, v_misc_22,
          nicolae_vaults_variable_pillar_hall, v_rooms_6, grunt_vaults_bifocal,
          vaults_room_octagon, vaults_room_door_ring, vaults_room_door_ring,
          v_misc_3, ontoclasm_vaults_chip, ontoclasm_vaults_loading_screen,
          nicolae_vaults_trapezoid_lopsided_1, layout_vaults_ring
Vaults:5
Crypt:1:  layout_basic, serial_sigils_hangedman_scratch
Crypt:2:  layout_chaotic_city, roderic_lattice_octagonal_star,
          grunt_megastairs_3, uniq_khufu
Crypt:3:  church_of_pain_bobbens, layout_chaotic_city,
          nicolae_tomb_entry_rubble_hallway, grunt_ministairs_12,
          st_small_mortuary, uniq_boris, uniq_jory
Depths:1: minmay_mutant_horseshoe, layout_long_grid, abyss_entry,
          nicolae_hell_entry_hellmouth_sunbeams, xom_teletrap_fun
Depths:2: nzn_winding_woodlands_huge [nzn_winding_woodlands_5x15_longhouse,
          nzn_winding_woodlands_5x15_sawtooth, nzn_winding_woodlands_5x15_eye,
          nzn_winding_woodlands_5x15_river_crossing,
          nzn_winding_woodlands_5x15_crooked,
          nzn_winding_woodlands_5x15_split_checker,
          nzn_winding_woodlands_5x15_garden, nzn_winding_woodlands_5x15_twine,
          nzn_winding_woodlands_5x15_sidewinder,
          nzn_winding_woodlands_5x15_concentric,
          nzn_winding_woodlands_center_lodge,
          nzn_winding_woodlands_center_triple_pond,
          nzn_winding_woodlands_15x15_five_gardens], layout_cave_pools,
          enter_ziggurat_a, rand_demon_pan_entry_9, hangedman_coc_ice_floe,
          nicolae_uskayaw_dance_hall, grunt_dithmenos_smoke_and_mirrors
Depths:3: minmay_ornate_pinched, layout_gridlike, nemelex_altar_shiori,
          hangedman_geh_valley, marbit_kobold_abyss_entry, pan_entry,
          kennysheep_small_circle
Depths:4: grunt_zot_entry_gee_three, layout_basic, hell_entry, serial_bayou,
          serial_bayou_ford_a, serial_bayou_shore_b, serial_bayou_pond_a,
          serial_bayou_shore_a, serial_bayou_pond_a, nicolae_shop_clearance
Hell
Zot:1:    infiniplex_zot_generator, layout_cathedral_of_symmetry
Zot:2:    layout_misc_corridors, uniq_grunn
Zot:3:    lemuel_draconian_sentries_small, layout_misc_corridors
Zot:4:    gammafunk_sealed_arena, layout_cellular_growth, st_stairs_4,
          uniq_josephina
Zot:5:    layout_cathedral_of_symmetry

Notes
Turn   | Place    | Note
-------+----------+-------------------------------------------
     0 | D:1      | ytrimaz the Demonspawn Gladiator began the quest for the
                  | Orb.
     0 | D:1      | Reached XP level 1. HP: 16/16 MP: 1/1
     0 | D:1      | magus.rc [v1.9.6]
   146 | D:1      | Reached skill level 3 in Long Blades
   173 | D:1      | Gained mutation: You are partially covered in yellow
                  | scales. (AC +2) [demonic ancestry]
   173 | D:1      | Reached XP level 2. HP: 8/22 MP: 2/2
   384 | D:1      | Reached skill level 3 in Dodging
  1008 | D:2      | Gained mutation: You are partially covered in sharp spines.
                  | [demonic ancestry]
  1008 | D:2      | Reached XP level 3. HP: 20/27 MP: 3/3
  1009 | D:2      | Identified the ring "Fukurr" {Wiz rPois MP+9 SInv}
  1187 | D:2      | Reached skill level 4 in Long Blades
  1187 | D:2      | Reached XP level 4. HP: 28/33 MP: 4/4
  1222 | D:2      | Found an ancient bone altar of Kikubaaqudgha.
  1265 | D:2      | You add the spells Gell's Gravitas, Teleport Other and
                  | Dispersal to your library.
  1863 | D:3      | You pick up a book of Beasts and begin reading...
  1863 | D:3      | You add the spells Summon Ice Beast, Summon Mana Viper and
                  | Monstrous Menagerie to your library.
  1882 | D:3      | Found Keuckeil's General Store.
  1889 | D:3      | Bought a potion of lignification for 36 gold pieces
  1889 | D:3      | Bought a potion of curing for 36 gold pieces
  2020 | D:3      | Gained mutation: Your touch may inflict minor irresistible
                  | damage on your foes. [demonic ancestry]
  2020 | D:3      | Reached XP level 5. HP: 26/38 MP: 5/5
  2250 | D:3      | Found Ossea's General Store.
  2681 | D:4      | Found a bloodstained altar of Trog.
  2699 | D:4      | Reached skill level 5 in Long Blades
  2699 | D:4      | Reached skill level 4 in Dodging
  2719 | D:4      | HP: 8/38 [orc wizard/puff of flame (6)]
  2723 | D:4      | Gained mutation: You are mostly covered in yellow scales.
                  | (AC +3) [demonic ancestry]
  2723 | D:4      | Reached XP level 6. HP: 23/44 MP: 6/6
  2943 | D:4      | Reached skill level 6 in Long Blades
  2946 | D:4      | Found a hazy altar of Hepliaklqana.
  3087 | D:4      | Reached XP level 7. HP: 50/50 MP: 7/7
  3183 | D:4      | Found a burning altar of Makhleb.
  3355 | D:4      | Found a sacrificial altar of Ru.
  3423 | D:5      | Entered Level 5 of the Dungeon
  3450 | D:5      | Noticed Blork the orc
  3457 | D:5      | Reached skill level 5 in Dodging
  3816 | D:5      | Killed Blork the orc
  3817 | D:5      | Reached skill level 7 in Long Blades
  4170 | D:5      | Noticed Prince Ribbit
  4346 | D:5      | HP: 11/50 [Prince Ribbit (3)]
  4352 | D:5      | Killed Prince Ribbit
  4353 | D:5      | Gained mutation: Your touch may inflict irresistible damage
                  | on your foes. [demonic ancestry]
  4353 | D:5      | Reached XP level 8. HP: 20/56 MP: 8/8
  4721 | D:5      | Reached skill level 8 in Long Blades
  4728 | D:5      | Reached skill level 6 in Dodging
  5392 | D:6      | Reached skill level 9 in Long Blades
  5719 | D:6      | Found a sparkling altar of Nemelex Xobeh.
  5737 | D:6      | Found a shimmering altar of Xom.
  5876 | D:6      | Gained mutation: Your touch may irresistibly damage your
                  | foes and sap their willpower. [demonic ancestry]
  5876 | D:6      | Reached XP level 9. HP: 50/61 MP: 9/9
  6172 | D:7      | Found a shimmering blue altar of Sif Muna.
  6194 | D:7      | Noticed Duvessa
  6202 | D:7      | Noticed Dowan
  6209 | D:7      | Killed Duvessa
  6210 | D:7      | Reached skill level 7 in Dodging
  6236 | D:7      | Killed Dowan
  6698 | D:7      | HP: 13/61 [orc priest/divine providence (16)]
  6880 | D:7      | Noticed Pikel
  6890 | D:7      | Killed Pikel
  6891 | D:7      | Reached skill level 10 in Long Blades
  7048 | D:7      | Found an iron altar of Okawaru.
  7372 | D:7      | Found an ancient bone altar of Kikubaaqudgha.
  7406 | D:7      | Found a staircase to the Ecumenical Temple.
  7795 | D:8      | Reached skill level 11 in Long Blades
  7795 | D:8      | Reached skill level 8 in Dodging
  7811 | D:8      | Reached XP level 10. HP: 45/67 MP: 10/10
  8167 | D:8      | Found a blossoming altar of Fedhas.
  8208 | D:8      | Found Vichiol's Armour Shoppe.
  8227 | D:8      | Found a flagged portal.
  8257 | Bailey   | Entered a bailey
  8292 | Bailey   | Noticed an orc warlord
  8442 | Bailey   | Found a runed translucent gate.
  8442 | Bailey   | Found a runed translucent gate.
  8442 | Bailey   | Found a runed translucent gate.
  8708 | Bailey   | Killed an orc warlord
  8709 | Bailey   | Reached skill level 12 in Long Blades
  8911 | Bailey   | Acquired the amulet "Yxur" {Regen+ Slay+5}
  8934 | D:8      | Identified the +8 hand axe of Blue Purpose {pain, rN++
                  | Will- Int+4}
  9094 | D:8      | You pick up a book of Conjurations and begin reading...
  9094 | D:8      | You add the spells Magic Dart, Searing Ray and Fulminant
                  | Prism to your library.
  9177 | D:8      | Reached skill level 9 in Dodging
  9392 | D:9      | Found a runed translucent door.
  9400 | D:9      | Noticed a two-headed ogre
  9420 | D:9      | Found an opulent altar of Gozag.
  9517 | D:9      | Reached XP level 11. HP: 55/72 MP: 11/11
  9522 | D:9      | Reached skill level 13 in Long Blades
  9549 | D:9      | Found a staircase to the Lair.
  9592 | D:9      | Noticed Grum
  9627 | D:9      | Killed Grum
  9840 | D:9      | Found a runed translucent door.
  9917 | D:9      | Reached skill level 10 in Dodging
  9941 | D:9      | Noticed a four-headed hydra
 10025 | D:9      | HP: 10/72 [five-headed hydra (12)]
 10212 | D:9      | Reached skill level 14 in Long Blades
 10217 | D:9      | Killed a two-headed ogre
 10230 | D:9      | You pick up a book of Weapons and begin reading...
 10230 | D:9      | You add the spells Tukima's Dance, Portal Projectile and
                  | Blade Hands to your library.
 10280 | D:10     | Entered Level 10 of the Dungeon
 10454 | D:10     | Reached skill level 11 in Dodging
 10706 | D:10     | Noticed a two-headed ogre
 10715 | D:10     | Killed a two-headed ogre
 10795 | D:10     | HP: 6/72 [komodo dragon (22)]
 10998 | D:11     | Reached skill level 3 in Fighting
 11067 | D:11     | Gained mutation: Spells you cast may paralyse adjacent
                  | enemies. [demonic ancestry]
 11067 | D:11     | Reached XP level 12. HP: 81/81 MP: 12/12
 11150 | D:11     | Noticed a two-headed ogre
 11175 | D:11     | Reached skill level 4 in Fighting
 11179 | D:11     | Killed a two-headed ogre
 11180 | D:11     | Reached skill level 12 in Dodging
 11307 | D:11     | You pick up a book of the Hunter and begin reading...
 11307 | D:11     | You add the spells Call Canine Familiar and Leda's
                  | Liquefaction to your library.
 11351 | D:11     | You pick up a book of Iron and begin reading...
 11351 | D:11     | You add the spells Animate Armour and Iron Shot to your
                  | library.
 11459 | D:12     | Noticed a centaur warrior
 11469 | D:12     | Killed a centaur warrior
 11472 | D:12     | Reached skill level 5 in Fighting
 11522 | D:12     | Noticed a centaur warrior
 11534 | D:12     | Killed a centaur warrior
 11724 | D:12     | Noticed a boulder beetle
 11801 | D:12     | Noticed a boulder beetle
 11818 | D:12     | Killed a boulder beetle
 11819 | D:12     | Reached skill level 6 in Fighting
 12148 | D:12     | Found Oroecw's Weapon Shop.
 12150 | D:12     | Found a staircase to the Orcish Mines.
 12154 | D:12     | Found Jogyxien's Armour Shop.
 12197 | D:12     | You pick up a book of Dreams and begin reading...
 12197 | D:12     | You add the spells Ensorcelled Hibernation, Spider Form and
                  | Anguish to your library.
 12494 | D:12     | Killed a boulder beetle
 12694 | D:12     | HP: 22/89 [enormous slime creature (55)]
 12829 | Lair:1   | Entered Level 1 of the Lair of Beasts
 12898 | Lair:1   | Reached skill level 7 in Fighting
 12917 | Lair:1   | Reached skill level 13 in Dodging
 12964 | Lair:1   | Learned a level 1 spell: Magic Dart
 13236 | Lair:1   | magus.rc [v1.9.6]
 13468 | Lair:1   | Reached skill level 8 in Fighting
 13996 | Lair:2   | Found a staircase to the Snake Pit.
 14008 | Lair:2   | Gained mutation: You are mostly covered in sharp spines.
                  | [demonic ancestry]
 14008 | Lair:2   | Reached XP level 13. HP: 94/99 MP: 13/13
 14323 | Lair:2   | Reached skill level 1 in Conjurations
 15017 | Lair:3   | Reached skill level 2 in Conjurations
 15117 | Lair:3   | Upgraded the game from 0.30-a0-1163-gf69bf04e7a to
                  | 0.30-a0-1164-ge08a67761e
 15117 | Lair:3   | magus.rc [v1.9.6]
 15143 | Lair:3   | Reached skill level 9 in Fighting
 15164 | Lair:3   | Reached skill level 3 in Conjurations
 15229 | Lair:3   | You pick up a book of Geomancy and begin reading...
 15229 | Lair:3   | You add the spells Sandblast, Passwall and Stone Arrow to
                  | your library.
 15275 | Lair:3   | Reached skill level 14 in Dodging
 15570 | Lair:3   | Reached skill level 10 in Fighting
 15836 | Lair:3   | Found a staircase to the Swamp.
 16272 | Lair:4   | Reached skill level 11 in Fighting
 16452 | Lair:4   | Reached skill level 15 in Dodging
 16452 | Lair:4   | Gained mutation: Your hexes are more powerful. [demonic
                  | ancestry]
 16452 | Lair:4   | Reached XP level 14. HP: 110/113 MP: 14/14
 16544 | Lair:4   | Found a runed translucent door.
 16545 | Lair:4   | Identified the +9 spear "Mogh" {flame, *Rage rCorr Int+6}
 16545 | Lair:4   | Noticed Helops's ghost (journeyman OpTm)
 16545 | Lair:4   | Identified the ring "Beleufusump" {rF+ rC+ Will+ rCorr
                  | Str+4}
 16576 | Lair:4   | Noticed Snorg
 16590 | Lair:4   | Killed Snorg
 16676 | Lair:4   | Noticed Kirke
 16967 | Lair:4   | Killed Kirke
 17189 | Lair:5   | Entered Level 5 of the Lair of Beasts
 17197 | Lair:5   | Reached skill level 12 in Fighting
 17228 | Lair:5   | Found a viscous altar of Jiyva.
 17231 | Lair:5   | Found a staircase to the Slime Pits.
 17520 | Lair:5   | Identified the +9 rapier of Outrage {holy, rPois Int+4
                  | Dex-3}
 17728 | Lair:5   | Reached skill level 16 in Dodging
 17818 | Lair:5   | Reached skill level 13 in Fighting
 17821 | Lair:5   | HP: 24/118 [death yak (15)]
 18000 | Lair:5   | You pick up a book of Winter and begin reading...
 18000 | Lair:5   | You add the spells Ozocubu's Armour, Metabolic Englaciation
                  | and Simulacrum to your library.
 18946 | D:12     | Gained mutation: You are completely covered in yellow
                  | scales. (AC +4, rCorr) [demonic ancestry]
 18946 | D:12     | Reached XP level 15. HP: 65/125 MP: 15/15
 19025 | D:12     | Identified the +7 plate armour of Efusi {rPois Int+4}
 19348 | D:3      | Bought 2 scrolls of identify for 56 gold pieces
 19348 | D:3      | Bought a scroll of magic mapping for 105 gold pieces
 19348 | D:3      | Bought a potion of mutation for 112 gold pieces
 19348 | D:3      | Identified a potion of experience
 19354 | D:3      | Reached skill level 5 in Spellcasting
 19354 | D:3      | Reached XP level 16. HP: 132/132 MP: 23/23
 19570 | Orc:1    | Entered Level 1 of the Orcish Mines
 19746 | Orc:1    | Reached skill level 14 in Fighting
 20032 | Orc:2    | Entered Level 2 of the Orcish Mines
 20046 | Orc:2    | Found Xoucwone's Weapon Shoppe.
 20053 | Orc:2    | Found a burning altar of Makhleb.
 20061 | Orc:2    | Noticed Sonja
 20082 | Orc:2    | Noticed Saint Roka
 20097 | Orc:2    | Killed Sonja
 20222 | Orc:2    | Found a staircase to the Elven Halls.
 20378 | Orc:2    | Killed Saint Roka
 20385 | Orc:2    | Noticed Urug
 20394 | Orc:2    | Killed Urug
 20402 | Orc:2    | Reached skill level 17 in Dodging
 20512 | Orc:2    | Found Xiadd's Antique Armour Shoppe.
 20536 | Orc:2    | Bought a shiny helmet for 210 gold pieces
 20536 | Orc:2    | Bought a jewelled chain mail for 266 gold pieces
 20536 | Orc:2    | Identified the +1 chain mail of Cowardice {rCorr} (You
                  | bought it in a shop on level 2 of the Orcish Mines)
 20573 | Orc:2    | Identified the +0 robe of the Journeyman {Rampage rPois
                  | Dex-4}
 20602 | Orc:2    | Found Woixkasu's Antique Weapon Shoppe.
 20617 | Orc:2    | Found Qal Tif's General Store.
 20759 | Orc:2    | Found Pigugo Vume's Book Shoppe.
 20935 | Orc:2    | Bought a glowing long sword for 214 gold pieces
 21178 | Lair:5   | Became a worshipper of Jiyva Join the Shapeless
 21401 | D:12     | Identified the staff of fire "Cutuixor" {rF+ rN+ MP-9 Str+2
                  | Dex+3}
 21462 | D:13     | Found a portal to a secret trove of treasure.
 21478 | D:13     | This portal proclaims the superiority of the material over
                  | the divine; those who enter it will find they have lost all
                  | favour with their chosen deity. Enter anyway?
 21490 | D:13     | This portal proclaims the superiority of the material over
                  | the divine; those who enter it will find they have lost all
                  | favour with their chosen deity. Enter anyway?
 21491 | Trove    | Entered a treasure trove
 21495 | Trove    | Identified a +2 crystal plate armour
 21497 | Trove    | Identified the +3 buckler "Nihemi Edwue" {rF++ rN+}
 21500 | Trove    | Identified the +2 cloak of Omission {Str-3 Slay+4}
 21505 | Trove    | Identified the +0 buckler of Dathymof {rPois Str+2}
 21512 | Trove    | Identified the +0 plate armour of Fortification {Harm
                  | Will+}
 21518 | Trove    | Identified the +0 buckler of Dice, Bag, and Bottle {rPois
                  | Regen+ Int+3 Stlth-}
 21716 | D:13     | Found a transporter.
 21738 | D:13     | You pick up a book of the Sky and begin reading...
 21738 | D:13     | You add the spells Summon Lightning Spire, Storm Form and
                  | Maxwell's Capacitive Coupling to your library.
 21824 | D:13     | Reached skill level 1 in Shields
 21892 | D:13     | Found a transporter.
 21904 | D:13     | Reached * piety under Jiyva
 21939 | D:13     | Identified the +0 helmet of Light {*Corrode Will+ SInv}
 22238 | D:13     | Identified the +10 falchion "Qisikum" {flame, rN+}
 22431 | D:13     | Noticed a tengu reaver
 22450 | D:13     | Reached skill level 2 in Shields
 22531 | D:14     | Identified the +3 scale mail "Equdey" {Harm Rampage +Inv
                  | Str-5}
 22612 | D:14     | Reached ** piety under Jiyva
 22670 | D:14     | Reached skill level 3 in Shields
 22799 | D:14     | Found a gate to the Vaults.
 22802 | D:14     | Reached skill level 4 in Shields
 23265 | D:15     | Entered Level 15 of the Dungeon
 23293 | D:15     | Found a flickering gateway to a bazaar.
 23318 | Bazaar   | Entered a bazaar
 23320 | Bazaar   | Found Nelom's Weapon Boutique.
 23324 | Bazaar   | Found Tenn's Distillery.
 23324 | Bazaar   | Found Enyc's Assorted Antiques.
 23325 | Bazaar   | Found Buhaip's Antique Armour Boutique.
 23350 | Bazaar   | Bought a potion of cancellation for 104 gold pieces
 23350 | Bazaar   | Bought 2 potions of curing for 78 gold pieces
 23350 | Bazaar   | Bought a potion of might for 52 gold pieces
 23350 | Bazaar   | Bought 2 potions of cancellation for 208 gold pieces
 23356 | Bazaar   | Bought a potion of attraction for 96 gold pieces
 23356 | Bazaar   | Bought a potion of heal wounds for 160 gold pieces
 23356 | Bazaar   | Bought a potion of heal wounds for 160 gold pieces
 23356 | Bazaar   | Bought a potion of curing for 96 gold pieces
 23409 | D:15     | Reached *** piety under Jiyva
 23533 | D:15     | Reached skill level 15 in Fighting
 23786 | D:15     | Gained mutation: You have a small jelly attached to you
                  | that senses nearby items. [Jiyva's grace]
 23786 | D:15     | Gained mutation: Your melee attacks may engulf your foes in
                  | ooze. [Jiyva's grace]
 23786 | D:15     | Gained mutation: Your translucent skin slightly reduces
                  | your foes' accuracy. (Stealth+) [Jiyva's grace]
 23786 | D:15     | Gained mutation: Your translucent skin reduces your foes'
                  | accuracy. (Stealth+) [Jiyva's grace]
 23878 | D:15     | Found a staircase to the Depths.
 24112 | D:13     | Killed a tengu reaver
 24237 | D:13     | Identified the ring "Cedesoss" {rF- Will+ Str+2 Int-4
                  | Dex+6}
 24244 | D:13     | You add the spells Ignite Poison, Iskenderun's Mystic Blast
                  | and Summon Forest to your library.
 24244 | D:13     | Got Sif Muna's Secrets of the Filthy Tesseract
 24257 | D:13     | Identified the +5 shortbow of Conscience {antimagic, rPois
                  | Str+3}
 24262 | D:13     | Identified the amulet of Abromuage {Harm Regen+ SInv}
 24408 | Elf:1    | Entered Level 1 of the Elven Halls
 24429 | Elf:1    | Reached skill level 1 in Armour
 24653 | Elf:1    | Gained mutation: Spells you cast may paralyse nearby
                  | enemies. [demonic ancestry]
 24653 | Elf:1    | Reached XP level 17. HP: 127/142 MP: 24/24
 24655 | Elf:1    | Reached skill level 2 in Armour
 24665 | Elf:1    | Paralysed by an air elemental for 1 turns
 24668 | Elf:1    | Reached skill level 18 in Dodging
 24696 | Elf:1    | Reached skill level 3 in Armour
 24701 | Elf:1    | You add the spells Kiss of Death, Static Discharge,
                  | Freezing Cloud and Fireball to your library.
 24701 | Elf:1    | Got Vehumet's Omnibus of Assaults
 25168 | Snake:1  | Entered Level 1 of the Snake Pit
 25254 | Snake:1  | Reached skill level 4 in Armour
 25319 | Snake:1  | Found Minovaz's Armour Emporium.
 25336 | Snake:1  | Found a frozen archway.
 25366 | IceCv    | Entered an ice cave
 25479 | IceCv    | Reached skill level 5 in Armour
 25501 | IceCv    | You pick up a book of the Senses and begin reading...
 25501 | IceCv    | You add the spells Dazzling Flash, Agony and Silence to
                  | your library.
 25844 | IceCv    | Identified the ring "Kofadd" {Ice Dex+5}
 25848 | IceCv    | Identified the ring "Luic" {rPois rF+ Will- Int+2 Dex+3}
 26097 | Snake:1  | Reached skill level 6 in Armour
 26126 | Snake:1  | Noticed Asterion
 26135 | Snake:1  | Killed Asterion
 26221 | Snake:1  | Noticed Azrael
 26229 | Snake:1  | You are sucked into a shaft and drop 1 floor!
 26251 | Snake:2  | Found a runed translucent door.
 26252 | Snake:2  | Noticed Dowom's ghost (adept MfGl)
 26328 | Snake:1  | Killed Azrael
 26434 | Snake:1  | Noticed Aizul
 26434 | Snake:1  | Noticed Donald
 26445 | Snake:1  | Killed Aizul
 26452 | Snake:1  | HP: 31/142 [Donald/+2 double sword of holy wrath (20)]
 26452 | Snake:1  | HP: 11/142 [Donald/+2 double sword of holy wrath (20)]
 26454 | Snake:1  | Killed Donald
 26465 | Snake:1  | HP: 35/142 [salamander mystic/bolt of magma (33)]
 26572 | Snake:1  | Reached **** piety under Jiyva
 26587 | Snake:1  | Reached skill level 7 in Armour
 26605 | Snake:1  | Reached skill level 19 in Dodging
 27009 | Snake:2  | Found Isipt's Assorted Antiques.
 27012 | Snake:2  | Found Egeusu's Weapon Shoppe.
 27012 | Snake:2  | Found Mipotus's Assorted Antiques.
 27015 | Snake:2  | Found Xoikk's Antique Armour Emporium.
 27040 | Snake:2  | Found the amulet of the Four Winds {rN+ Will+++ Clar}
 27174 | Snake:2  | Identified the +2 robe of the Midnight Sun {Harm rElec
                  | Int-5}
 27226 | Snake:2  | You add the spells Borgnjor's Revivification, Necromutation
                  | and Death's Door to your library.
 27586 | Snake:2  | Reached skill level 8 in Armour
 27708 | Snake:2  | Found Beifetaq's Antique Armour Shop.
 27712 | Snake:2  | Bought an obsidian-encrusted ring mail for 279 gold pieces
 27712 | Snake:2  | Identified the +0 ring mail "Urro" {Dex+2} (You bought it
                  | in a shop on level 2 of the Snake Pit)
 27840 | Snake:3  | Reached ***** piety under Jiyva
 27886 | Snake:3  | Lost mutation: Your translucent skin reduces your foes'
                  | accuracy. (Stealth+) [Jiyva's grace]
 27886 | Snake:3  | Gained mutation: You have acidic saliva. [Jiyva's grace]
 27886 | Snake:3  | Gained mutation: You are covered in slimy tendrils that may
                  | disarm your opponents. [Jiyva's grace]
 27886 | Snake:3  | Gained mutation: You passively map a small area around you.
                  | [Jiyva's grace]
 27886 | Snake:3  | Gained mutation: You passively map the area around you.
                  | [Jiyva's grace]
 27930 | Snake:3  | Reached XP level 18. HP: 139/149 MP: 25/25
 28006 | Snake:3  | You add the spells Alistair's Intoxication, Borgnjor's Vile
                  | Clutch and Eringya's Noxious Bog to your library.
 28082 | Snake:3  | Identified the +2 battleaxe of Joda {venom, rCorr Int+2}
 28087 | Snake:3  | Acquired the +3 warlock's mirror {omnireflect}
 28087 | Snake:3  | Found the +3 warlock's mirror {omnireflect}
 28562 | Snake:4  | Entered Level 4 of the Snake Pit
 28594 | Snake:4  | Reached skill level 9 in Armour
 28805 | Snake:4  | Lost mutation: You passively map the area around you.
                  | [Jiyva's grace]
 28805 | Snake:4  | Lost mutation: You are covered in slimy tendrils that may
                  | disarm your opponents. [Jiyva's grace]
 28805 | Snake:4  | Lost mutation: Your melee attacks may engulf your foes in
                  | ooze. [Jiyva's grace]
 28805 | Snake:4  | Gained mutation: Your natural rate of healing is unusually
                  | fast. [Jiyva's grace]
 28805 | Snake:4  | Gained mutation: You heal very quickly. [Jiyva's grace]
 28805 | Snake:4  | Gained mutation: You regenerate. [Jiyva's grace]
 28805 | Snake:4  | Gained mutation: You expend magic power (3 MP) to
                  | strengthen your wands. [Jiyva's grace]
 28847 | Snake:4  | Reached ****** piety under Jiyva
 29217 | Snake:4  | Got a serpentine rune of Zot
 29255 | Snake:4  | Reached skill level 20 in Dodging
 29285 | Snake:4  | Reached skill level 10 in Armour
 29587 | Slime:1  | Entered Level 1 of the Pits of Slime
 29690 | Slime:4  | Noticed Dissolution
 29698 | Slime:5  | Entered Level 5 of the Pits of Slime
 29712 | Slime:5  | Found a viscous altar of Jiyva.
 29712 | Slime:5  | Noticed the Royal Jelly
 29727 | Slime:5  | Identified the +6 morningstar of Haextabb {heavy, +Blink
                  | rPois Int-3 Dex+2}
 29729 | Slime:5  | Got a slimy rune of Zot
 29731 | Slime:5  | You add the spells Sting, Petrify and Yara's Violent
                  | Unravelling to your library.
 29731 | Slime:5  | Got the Vademecum on the Evolving Mob
 29741 | Slime:5  | Learned a level 5 spell: Yara's Violent Unravelling
 29749 | Slime:5  | Identified the ring of Cyedeowu {rPois rC++ rN+}
 29757 | Slime:5  | Identified the +10 dagger of Crystal {freeze, rC+}
 29758 | Slime:5  | Identified the amulet of Xyam {Acrobat rC+ Int+3}
 29760 | Slime:5  | Identified the +9 dagger of Ru's Outrage {venom, rPois
                  | Int+2}
 29772 | Slime:5  | Identified the ring of Gluttony {EV+5 Dex+3 Stlth+}
 29785 | Slime:5  | Identified the +3 battleaxe of Hoxkud {venom, rC+ rCorr}
 29794 | Slime:5  | Identified the staff of poison "Voepha" {+Blink rElec rPois
                  | Stlth+}
 30077 | Swamp:1  | Entered Level 1 of the Swamp
 30216 | Swamp:1  | You pick up a book of the Moon and begin reading...
 30216 | Swamp:1  | You add the spells Passage of Golubria and Lehudib's
                  | Crystal Spear to your library.
 30734 | Swamp:2  | Reached skill level 16 in Fighting
 30791 | Swamp:2  | You pick up a book of Displacement and begin reading...
 30944 | Swamp:2  | You pick up a book of Dangerous Friends and begin
                  | reading...
 30944 | Swamp:2  | You add the spells Summon Guardian Golem, Orb of
                  | Destruction and Spellforged Servitor to your library.
 31232 | Swamp:3  | Lost mutation: You passively map a small area around you.
                  | [Jiyva's grace]
 31232 | Swamp:3  | Lost mutation: You regenerate. [Jiyva's grace]
 31232 | Swamp:3  | Lost mutation: You heal very quickly. [Jiyva's grace]
 31232 | Swamp:3  | Gained mutation: You are strong-willed. (Will+) [Jiyva's
                  | grace]
 31232 | Swamp:3  | Gained mutation: You are highly strong-willed. (Will++)
                  | [Jiyva's grace]
 31232 | Swamp:3  | Gained mutation: You are extremely strong-willed. (Will+++)
                  | [Jiyva's grace]
 31232 | Swamp:3  | Gained mutation: You are partially covered in large bone
                  | plates. (SH +4) [Jiyva's grace]
 31608 | Swamp:4  | Entered Level 4 of the Swamp
 31778 | Swamp:4  | Reached skill level 17 in Fighting
 31966 | Swamp:4  | Noticed Louise
 32023 | Swamp:4  | Killed Louise
 32108 | Swamp:4  | Gained mutation: Your melee attacks may debilitate your
                  | foes. [demonic ancestry]
 32108 | Swamp:4  | Reached XP level 19. HP: 158/161 MP: 26/26
 32179 | Swamp:4  | Noticed a bone dragon
 32191 | Swamp:4  | Killed a bone dragon
 32384 | Swamp:4  | Got a decaying rune of Zot
 32734 | Vaults:1 | Entered Level 1 of the Vaults
 32748 | Vaults:1 | Found Wylulutu's Distillery.
 32756 | Vaults:1 | Bought a potion of heal wounds for 95 gold pieces
 32756 | Vaults:1 | Bought a potion of heal wounds for 95 gold pieces
 32756 | Vaults:1 | Bought a potion of might for 76 gold pieces
 32819 | Vaults:1 | Found a magical portal.
 32845 | WizLab   | Entered Zonguldrok's Shrine
 33032 | WizLab   | Reached skill level 18 in Fighting
 33072 | WizLab   | Noticed an antique lich
 33083 | WizLab   | Killed an antique lich
 33092 | WizLab   | Found the +9 sword of Zonguldrok {reap}
 33128 | WizLab   | You pick up a book of Hexes and begin reading...
 33128 | WizLab   | You add the spells Cause Fear and Enfeeble to your library.
 33130 | WizLab   | You pick up a book of Changes and begin reading...
 33130 | WizLab   | You add the spells Beastly Appendage and Wereblood to your
                  | library.
 33132 | WizLab   | You add the spells Olgreb's Toxic Radiance, Ignition and
                  | Discord to your library.
 33280 | Vaults:1 | Reached skill level 1 in Hexes
 33417 | Vaults:1 | Reached skill level 2 in Hexes
 33587 | Vaults:1 | Reached skill level 21 in Dodging
 33612 | Vaults:1 | Reached skill level 3 in Hexes
 33784 | Vaults:1 | Lost mutation: You are extremely strong-willed. (Will+++)
                  | [Jiyva's grace]
 33784 | Vaults:1 | Lost mutation: You are highly strong-willed. (Will++)
                  | [Jiyva's grace]
 33784 | Vaults:1 | Lost mutation: Your natural rate of healing is unusually
                  | fast. [Jiyva's grace]
 33784 | Vaults:1 | Lost mutation: Your translucent skin slightly reduces your
                  | foes' accuracy. (Stealth+) [Jiyva's grace]
 33784 | Vaults:1 | Lost mutation: You expend magic power (3 MP) to strengthen
                  | your wands. [Jiyva's grace]
 33784 | Vaults:1 | Gained mutation: Your spells are a little harder to cast,
                  | but a little more powerful. [Jiyva's grace]
 33784 | Vaults:1 | Gained mutation: Your spells are harder to cast, but more
                  | powerful. [Jiyva's grace]
 33784 | Vaults:1 | Gained mutation: Your spells are much harder to cast, but
                  | much more powerful. [Jiyva's grace]
 33784 | Vaults:1 | Gained mutation: You expend magic power (3 MP) to
                  | strengthen your wands. [Jiyva's grace]
 34233 | Vaults:2 | Reached skill level 19 in Fighting
 34239 | Vaults:2 | Reached skill level 4 in Hexes
 34545 | Vaults:2 | Noticed Bai Suzhen
 34554 | Vaults:2 | Killed Bai Suzhen
 34555 | Vaults:2 | Gained mutation: You are completely covered in sharp
                  | spines. [demonic ancestry]
 34555 | Vaults:2 | Reached XP level 20. HP: 137/174 MP: 27/27
 34556 | Vaults:2 | Noticed Mara
 34576 | Vaults:2 | Noticed ytrimaz's illusion
 34579 | Vaults:2 | Killed Mara
 34580 | Vaults:2 | Reached skill level 5 in Hexes
 34958 | Vaults:2 | Noticed Margery
 34969 | Vaults:2 | Killed Margery
 35177 | Vaults:2 | Reached skill level 6 in Hexes
 35316 | Vaults:3 | Reached skill level 15 in Long Blades
 35325 | Vaults:3 | Noticed a golden dragon
 35333 | Vaults:3 | Killed a golden dragon
 35334 | Vaults:3 | Reached skill level 20 in Fighting
 35476 | Vaults:3 | Noticed Nikola
 35484 | Vaults:3 | Killed Nikola
 35839 | Vaults:3 | Lost mutation: You are strong-willed. (Will+) [Jiyva's
                  | grace]
 35839 | Vaults:3 | Lost mutation: You have a small jelly attached to you that
                  | senses nearby items. [Jiyva's grace]
 35839 | Vaults:3 | Lost mutation: You expend magic power (3 MP) to strengthen
                  | your wands. [Jiyva's grace]
 35839 | Vaults:3 | Gained mutation: Your translucent skin slightly reduces
                  | your foes' accuracy. (Stealth+) [Jiyva's grace]
 35839 | Vaults:3 | Gained mutation: Your translucent skin reduces your foes'
                  | accuracy. (Stealth+) [Jiyva's grace]
 35839 | Vaults:3 | Gained mutation: Your transparent skin significantly
                  | reduces your foes' accuracy. (Stealth+) [Jiyva's grace]
 35839 | Vaults:3 | Gained mutation: You are covered in slimy tendrils that may
                  | disarm your opponents. [Jiyva's grace]
 36214 | Vaults:3 | Reached skill level 7 in Hexes
 36444 | Vaults:3 | Found a staircase to the Crypt.
 36985 | Vaults:4 | Reached skill level 8 in Hexes
 37339 | Vaults:4 | Identified the +3 leather armour of the Snail {Will++}
 37511 | Vaults:5 | Entered Level 5 of the Vaults
 37553 | Vaults:5 | Noticed a golden dragon
 37557 | Vaults:5 | Reached skill level 22 in Dodging
 37559 | Vaults:5 | Reached XP level 21. HP: 121/183 MP: 28/28
 37565 | Vaults:5 | Killed a golden dragon
 37577 | Vaults:5 | Reached skill level 16 in Long Blades
 37584 | Vaults:5 | Reached skill level 9 in Hexes
 37798 | Vaults:5 | Identified the +8 plate armour "Veyfuoca" {rF- Will+ Str+5}
 37842 | Vaults:5 | Reached skill level 10 in Hexes
 37894 | Vaults:5 | an ironbound preserver comes into view. It is wielding the
                  | +8 mithril axe "Arga" {speed, Will+}.
 37912 | Vaults:5 | You pick up a book of Storms and begin reading...
 37915 | Vaults:5 | Identified the +6 quarterstaff "Dragon's Death Toll"
                  | {heavy, rPois Will- Str+8}
 37920 | Vaults:5 | Identified the +2 cloak of Egageut {rPois rN+ Str+9 Stlth-}
 38268 | Vaults:5 | Reached skill level 11 in Hexes
 38300 | Vaults:5 | Identified the +8 quarterstaff of Death {freeze, Dex+3}
 38396 | Vaults:5 | Identified the +1 plate armour "Tuwn" {SInv}
 38493 | Vaults:5 | Lost mutation: Your transparent skin significantly reduces
                  | your foes' accuracy. (Stealth+) [Jiyva's grace]
 38493 | Vaults:5 | Lost mutation: Your translucent skin reduces your foes'
                  | accuracy. (Stealth+) [Jiyva's grace]
 38493 | Vaults:5 | Lost mutation: Your translucent skin slightly reduces your
                  | foes' accuracy. (Stealth+) [Jiyva's grace]
 38493 | Vaults:5 | Lost mutation: You are covered in slimy tendrils that may
                  | disarm your opponents. [Jiyva's grace]
 38493 | Vaults:5 | Gained mutation: Your system is resistant to poisons.
                  | (rPois) [Jiyva's grace]
 38493 | Vaults:5 | Gained mutation: You have hidden genetic potential.
                  | [Jiyva's grace]
 38493 | Vaults:5 | Gained mutation: You have great hidden genetic potential.
                  | [Jiyva's grace]
 38493 | Vaults:5 | Gained mutation: You have sharp toenails. [Jiyva's grace]
 38739 | Vaults:5 | Reached skill level 23 in Dodging
 38742 | Vaults:5 | Reached skill level 12 in Hexes
 38760 | Vaults:5 | Got a silver rune of Zot
 38765 | Vaults:5 | Got the Parchment of the Birds and the Mesa
 38771 | Vaults:5 | You pick up a book of Debilitation and begin reading...
 38771 | Vaults:5 | You add the spells Slow, Vampiric Draining and Confusing
                  | Touch to your library.
 38810 | Vaults:5 | Identified the +5 lajatang of Jidgh {flame, Int+4}
 39176 | Depths:1 | Entered Level 1 of the Depths
 39274 | Depths:1 | Identified the ring of Xadoc {rF- Will++ MP+9 Str+4}
 39325 | Depths:1 | Found a gateway to Hell.
 39369 | Depths:1 | Gained mutation: Spells you cast and wands you use may
                  | paralyse nearby enemies. [demonic ancestry]
 39369 | Depths:1 | Reached XP level 22. HP: 161/190 MP: 29/29
 39436 | Depths:1 | You are sucked into a shaft and drop 1 floor!
 39505 | Depths:2 | Reached skill level 13 in Hexes
 39603 | Depths:2 | Found a one-way gateway to a ziggurat.
 39623 | Depths:2 | Found a shadowy altar of Dithmenos.
 39685 | Depths:2 | Found a hide-covered altar of Uskayaw.
 39763 | Depths:2 | Found a one-way gate leading to the halls of Pandemonium.
 39951 | Depths:1 | Noticed a caustic shrike
 39955 | Depths:1 | Killed a caustic shrike
 40345 | Elf:1    | Found a runed translucent gate.
 40345 | Elf:1    | Found a runed translucent gate.
 40345 | Elf:1    | Found a runed translucent gate.
 40345 | Elf:1    | Found a runed translucent gate.
 40345 | Elf:1    | Found a runed translucent gate.
 40346 | Elf:1    | Found a runed translucent gate.
 40352 | Elf:1    | Identified the +5 ring mail of Perfidy {rElec rPois Str+6}
 40419 | Elf:1    | Reached skill level 14 in Hexes
 40743 | Elf:2    | Identified the +5 rapier of the Intense God {speed, rC+
                  | Str+2 Dex+2}
 40761 | Elf:2    | Noticed Jorgrun
 40784 | Elf:2    | Killed Jorgrun
 40923 | Elf:2    | Lost mutation: Your system is resistant to poisons. (rPois)
                  | [Jiyva's grace]
 40923 | Elf:2    | Lost mutation: Your spells are much harder to cast, but
                  | much more powerful. [Jiyva's grace]
 40923 | Elf:2    | Lost mutation: You have great hidden genetic potential.
                  | [Jiyva's grace]
 40923 | Elf:2    | Gained mutation: You possess an exceptional clarity of
                  | mind. [Jiyva's grace]
 40923 | Elf:2    | Gained mutation: Your muscles are strong. (Str +4, Int/Dex
                  | -1) [Jiyva's grace]
 40923 | Elf:2    | Gained mutation: Your muscles are very strong. (Str +8,
                  | Int/Dex -2) [Jiyva's grace]
 40923 | Elf:2    | Gained mutation: Your flesh is heat resistant. (rF+)
                  | [Jiyva's grace]
 41003 | Elf:2    | Found Xuho's Distillery.
 41056 | Elf:2    | Gained mutation: You have a pair of small horns on your
                  | head. [hidden potential]
 41112 | Elf:2    | Found a runed translucent gate.
 41113 | Elf:2    | Found a runed translucent gate.
 41113 | Elf:2    | Found a runed translucent gate.
 41253 | Elf:2    | Reached skill level 1 in Short Blades
 41269 | Elf:2    | Reached skill level 24 in Dodging
 41619 | Elf:3    | Entered Level 3 of the Elven Halls
 41678 | Elf:3    | Reached skill level 5 in Shields
 41678 | Elf:3    | Reached skill level 15 in Hexes
 41686 | Elf:3    | HP: 46/190 [something (15)]
 41881 | Elf:3    | Identified the ring "Lintytud" {rC+ Dex+6 Stlth+}
 41945 | Elf:3    | Reached skill level 6 in Shields
 41947 | Elf:3    | HP: 40/190 [deep elf master archer/arrow (13)]
 41953 | Elf:3    | HP: 34/190 [deep elf master archer/+0 longbow (11)]
 41964 | Elf:3    | HP: 45/190 [deep elf annihilator/iron shot (10)]
 42028 | Elf:3    | Identified the +7 long sword of Prudence {heavy, rElec
                  | Str-3 Int+2 Dex+3}
 42053 | Elf:3    | Identified the +3 hand axe of Light {venom, *Slow rElec rC+
                  | Stlth+}
 42064 | Elf:3    | Identified the amulet "Asmaro" {Acrobat +Blink rPois Dex-3}
 42071 | Elf:3    | Identified the +4 plate armour of the Bells {Int+3}
 42075 | Elf:3    | Reached XP level 23. HP: 177/196 MP: 30/30
 42117 | Elf:3    | Identified the +5 dagger of Parts Unknown {freeze, Int+2}
 42124 | Elf:3    | Identified the staff of earth "Ledghesise" {Str+3 Dex+4}
 42152 | Elf:3    | Identified the ring of Redgh {Ice rElec}
 42177 | Elf:3    | Identified the +2 arbalest "Spider's Bane" {speed, rC+
                  | Will+}
 42195 | Elf:3    | You pick up a book of Rime and begin reading...
 42195 | Elf:3    | You add the spells Frozen Ramparts and Ice Form to your
                  | library.
 42209 | Elf:3    | You add the spells Foxfire, Poisonous Vapours and Sticky
                  | Flame to your library.
 42209 | Elf:3    | Got Jaow's Treatise on Flashy Pollution
 42213 | Elf:3    | Identified the ring "Sibakeotuo" {rN+ Str+2 Int-2 SInv
                  | Stlth+}
 42220 | Elf:3    | Learned a level 4 spell: Cause Fear
 42221 | Elf:3    | Identified the staff of earth "Podakk" {Will++}
 42240 | Elf:3    | Identified the +8 shortbow "Helulluss" {antimagic, rC++
                  | Stlth+}
 42364 | Elf:3    | Reached skill level 7 in Shields
 43150 | Depths:1 | Found a shimmering altar of Xom.
 43478 | Depths:1 | Found a one-way gate to the infinite horrors of the Abyss.
 43495 | Depths:1 | Lost mutation: You have a pair of small horns on your head.
                  | [Jiyva's grace]
 43495 | Depths:1 | Lost mutation: You are partially covered in large bone
                  | plates. (SH +4) [Jiyva's grace]
 43495 | Depths:1 | Lost mutation: Your muscles are very strong. (Str +8,
                  | Int/Dex -2) [Jiyva's grace]
 43495 | Depths:1 | Lost mutation: You have acidic saliva. [Jiyva's grace]
 43495 | Depths:1 | Lost mutation: You have hidden genetic potential. [Jiyva's
                  | grace]
 43495 | Depths:1 | Gained mutation: You passively map a small area around you.
                  | [Jiyva's grace]
 43495 | Depths:1 | Gained mutation: You passively map the area around you.
                  | [Jiyva's grace]
 43495 | Depths:1 | Gained mutation: You passively map a large area around you.
                  | [Jiyva's grace]
 43495 | Depths:1 | Gained mutation: Your body has grown eyes which may confuse
                  | attackers. (Acc +3) [Jiyva's grace]
 43763 | Depths:2 | Reached skill level 8 in Shields
 43944 | Depths:2 | Reached skill level 25 in Dodging
 44239 | Depths:2 | Identified +0 gold dragon scales
 44273 | Depths:2 | Identified the +7 broad axe of Day {heavy, rElec MP+9
                  | Dex+6}
 44306 | Depths:2 | Reached skill level 9 in Shields
 44336 | Depths:2 | Identified +0 gold dragon scales
 44683 | D:8      | Bought the +9 scales of the Dragon King {rPois rF+ rC+
                  | Will+} for 1872 gold pieces
 44683 | D:8      | Found the +9 scales of the Dragon King {rPois rF+ rC+
                  | Will+}
 45359 | Depths:3 | Found a sparkling altar of Nemelex Xobeh.
 45707 | Depths:4 | Entered Level 4 of the Depths
 45824 | Depths:4 | Found a gate to the Realm of Zot.
 45866 | Depths:4 | Reached skill level 10 in Shields
 45929 | Depths:4 | Reached skill level 26 in Dodging
 46009 | Depths:4 | Reached skill level 21 in Fighting
 46141 | Depths:4 | Reached XP level 24. HP: 200/208 MP: 30/30
 46187 | Depths:4 | Found Fuvvuj's CLEARANCE SALE!.
 46196 | Depths:4 | Bought a potion of curing for 9 gold pieces
 46262 | Depths:4 | Lost mutation: You possess an exceptional clarity of mind.
                  | [Jiyva's grace]
 46262 | Depths:4 | Gained mutation: You are strong-willed. (Will+) [Jiyva's
                  | grace]
 46262 | Depths:4 | Gained mutation: You are highly strong-willed. (Will++)
                  | [Jiyva's grace]
 46262 | Depths:4 | Gained mutation: You are extremely strong-willed. (Will+++)
                  | [Jiyva's grace]
 46262 | Depths:4 | Gained mutation: Your rubbery body absorbs attacks. (AC +1,
                  | EV +1) [Jiyva's grace]
 46297 | Depths:4 | Noticed a caustic shrike
 46304 | Depths:4 | Noticed a caustic shrike
 46305 | Depths:4 | Noticed a caustic shrike
 46305 | Depths:4 | Noticed a caustic shrike
 46306 | Depths:4 | Killed a caustic shrike
 46319 | Depths:4 | Killed a caustic shrike
 46324 | Depths:4 | Killed a caustic shrike
 46330 | Depths:4 | Killed a caustic shrike
 46431 | Depths:4 | Noticed a caustic shrike
 46431 | Depths:4 | Noticed a caustic shrike
 46432 | Depths:4 | Noticed a caustic shrike
 46441 | Depths:4 | Killed a caustic shrike
 46449 | Depths:4 | Killed a caustic shrike
 46456 | Depths:4 | Killed a caustic shrike
 46516 | Depths:4 | Reached skill level 11 in Shields
 47186 | Crypt:1  | Entered Level 1 of the Crypt
 47666 | Crypt:1  | Reached skill level 27 in Dodging
 47666 | Crypt:1  | Reached skill level 6 in Spellcasting
 47666 | Crypt:1  | Reached XP level 25. HP: 215/215 MP: 31/32
 48100 | Crypt:2  | Noticed a dread lich
 48111 | Crypt:2  | Killed a dread lich
 48112 | Crypt:2  | Reached skill level 12 in Shields
 48120 | Crypt:2  | You pick up a book of Minor Magic and begin reading...
 48120 | Crypt:2  | You add the spells Call Imp and Mephitic Cloud to your
                  | library.
 48171 | Crypt:2  | Lost mutation: You passively map a large area around you.
                  | [Jiyva's grace]
 48171 | Crypt:2  | Lost mutation: Your body has grown eyes which may confuse
                  | attackers. (Acc +3) [Jiyva's grace]
 48171 | Crypt:2  | Gained mutation: You passively map a large area around you.
                  | [Jiyva's grace]
 48171 | Crypt:2  | Gained mutation: You have an increased reservoir of magic.
                  | (+10% MP) [Jiyva's grace]
 48171 | Crypt:2  | Gained mutation: You have a considerably increased
                  | reservoir of magic. (+20% MP) [Jiyva's grace]
 48171 | Crypt:2  | Gained mutation: You have a greatly increased reservoir of
                  | magic. (+30% MP) [Jiyva's grace]
 48200 | Crypt:2  | You add the spells Malign Gateway and Summon Horrible
                  | Things to your library.
 48422 | Crypt:2  | Reached skill level 7 in Spellcasting
 48463 | Crypt:2  | Noticed Khufu
 48463 | Crypt:2  | Noticed a royal mummy
 48463 | Crypt:2  | Noticed a royal mummy
 48483 | Crypt:2  | Killed Khufu
 48487 | Crypt:2  | Noticed a royal mummy
 48491 | Crypt:2  | HP: 45/215 [royal mummy[Khufu] (12)]
 48499 | Crypt:2  | HP: 42/215 [royal mummy/divine providence[Khufu] (14)]
 48501 | Crypt:2  | Killed a royal mummy
 48502 | Crypt:2  | Killed a royal mummy
 48502 | Crypt:2  | HP: 9/215 [something (22)]
 48575 | Crypt:2  | Killed a royal mummy
 48897 | Crypt:3  | Entered Level 3 of the Crypt
 48904 | Crypt:3  | Reached skill level 13 in Shields
 49035 | Crypt:3  | Noticed Boris
 49048 | Crypt:3  | Killed Boris
 49049 | Crypt:3  | Reached skill level 8 in Spellcasting
 49119 | Crypt:3  | Noticed a dread lich
 49127 | Crypt:3  | Killed a dread lich
 49160 | Crypt:3  | You add the spells Death Channel and Infestation to your
                  | library.
 49160 | Crypt:3  | Got the Octavo of Darkness
 49168 | Crypt:3  | You add the spells Lee's Rapid Deconstruction and Statue
                  | Form to your library.
 49168 | Crypt:3  | Got the Atlas of Mutable Amathomancy
 49228 | Crypt:3  | Reached skill level 14 in Shields
 49229 | Crypt:3  | Found a basalt altar of Yredelemnul.
 49316 | Crypt:3  | Reached XP level 26. HP: 222/222 MP: 46/46
 49446 | Crypt:3  | Reached skill level 9 in Spellcasting
 49681 | Crypt:3  | Identified the +2 leather armour of the Tick {rF+ rCorr}
 49759 | Crypt:3  | Reached skill level 15 in Shields
 50082 | Crypt:3  | Noticed Jory
 50094 | Crypt:3  | Noticed a curse skull
 50095 | Crypt:3  | Killed Jory
 50095 | Crypt:3  | Noticed a curse skull
 50111 | Crypt:3  | Killed a curse skull
 50114 | Crypt:3  | HP: 50/222 [??? (31)]
 50115 | Crypt:3  | Killed a curse skull
 50269 | Crypt:3  | Found a staircase to the Tomb.
 50919 | Zig:1    | Entered Level 1 of a ziggurat
 50929 | Zig:1    | You pick up a book of Lightning and begin reading...
 50929 | Zig:1    | You add the spells Vhi's Electric Charge and Arcjolt to
                  | your library.
 50935 | Zig:2    | Entered Level 2 of a ziggurat
 50947 | Zig:2    | Reached skill level 10 in Spellcasting
 50962 | Zig:3    | Entered Level 3 of a ziggurat
 50975 | Zig:3    | Paralysed by accursed screaming for 1 turns
 50996 | Zig:3    | Identified the +2 helmet "Ubumaof" {rC+ Stlth+}
 50999 | Zig:3    | Identified the +2 spear of Pozakhlin {freeze, Str+4}
 51016 | Zig:4    | Entered Level 4 of a ziggurat
 51052 | Zig:4    | You pick up a book of Necromancy and begin reading...
 51060 | Zig:5    | Entered Level 5 of a ziggurat
 51068 | Zig:5    | Paralysed by accursed screaming for 1 turns
 51072 | Zig:5    | Paralysed by accursed screaming for 1 turns
 51075 | Zig:5    | HP: 44/222 [large abomination (19)]
 51078 | Zig:5    | Paralysed by accursed screaming for 2 turns
 51202 | Depths:1 | Voluntarily entered the Abyss.
 51210 | Abyss:1  | Found a corrupted altar of Lugonu.
 51319 | Abyss:1  | Found a corrupted altar of Lugonu.
 51493 | Abyss:2  | Found a corrupted altar of Lugonu.
 51496 | Abyss:2  | Lost mutation: You have a greatly increased reservoir of
                  | magic. (+30% MP) [Jiyva's grace]
 51496 | Abyss:2  | Lost mutation: You passively map a large area around you.
                  | [Jiyva's grace]
 51496 | Abyss:2  | Lost mutation: Your muscles are strong. (Str +4, Int/Dex
                  | -1) [Jiyva's grace]
 51496 | Abyss:2  | Gained mutation: You are agile. (Dex +4, Str/Int -1)
                  | [Jiyva's grace]
 51496 | Abyss:2  | Gained mutation: You are very agile. (Dex +8, Str/Int -2)
                  | [Jiyva's grace]
 51496 | Abyss:2  | Lost mutation: You have sharp toenails. [Jiyva's grace]
 51496 | Abyss:2  | Gained mutation: You have large cloven feet. [Jiyva's
                  | grace]
 51496 | Abyss:2  | Gained mutation: You have hoof-like feet. [Jiyva's grace]
 51517 | Abyss:2  | Found a corrupted altar of Lugonu.
 51737 | Abyss:2  | Reached skill level 16 in Shields
 51864 | Abyss:2  | Found a corrupted altar of Lugonu.
 52056 | Abyss:2  | Found a corrupted altar of Lugonu.
 52205 | Abyss:2  | Found a corrupted altar of Lugonu.
 52348 | Abyss:2  | Noticed a dread lich
 52728 | Abyss:3  | Reached skill level 22 in Fighting
 53150 | Abyss:3  | Reached skill level 17 in Long Blades
 53304 | Abyss:3  | Found a corrupted altar of Lugonu.
 53390 | Abyss:3  | Gained mutation: Your body sometimes deteriorates upon
                  | taking damage. [a cacodemon]
 53396 | Abyss:3  | Found a corrupted altar of Lugonu.
 53503 | Abyss:4  | Found a corrupted altar of Lugonu.
 53656 | Abyss:4  | Got an abyssal rune of Zot
 53805 | Abyss:4  | Gained mutation: You are surrounded by an aura of silence.
                  | [demonic ancestry]
 53805 | Abyss:4  | Reached XP level 27. HP: 233/233 MP: 44/44
 53866 | Abyss:4  | Noticed an ancient lich
 53873 | Abyss:4  | Killed an ancient lich
 53889 | Depths:1 | You pass through the gate.
 53889 | Depths:1 | Escaped the Abyss
 53919 | D:15     | Lost mutation: You have a considerably increased reservoir
                  | of magic. (+20% MP) [potion of mutation]
 53919 | D:15     | Lost mutation: You have hoof-like feet. [potion of
                  | mutation]
 53919 | D:15     | Lost mutation: You have an increased reservoir of magic.
                  | (+10% MP) [potion of mutation]
 53919 | D:15     | Lost mutation: Your flesh is heat resistant. (rF+) [potion
                  | of mutation]
 53919 | D:15     | Gained mutation: Your muscles are strong. (Str +4, Int/Dex
                  | -1) [potion of mutation]
 53920 | D:15     | Lost mutation: Your body sometimes deteriorates upon taking
                  | damage. [potion of mutation]
 53920 | D:15     | Lost mutation: You are very agile. (Dex +8, Str/Int -2)
                  | [potion of mutation]
 53920 | D:15     | Lost mutation: Your spells are harder to cast, but more
                  | powerful. [potion of mutation]
 53920 | D:15     | Lost mutation: You are agile. (Dex +4, Str/Int -1) [potion
                  | of mutation]
 53960 | Hell     | Entered the Vestibule of Hell
 53960 | Hell     | Noticed Geryon
 54098 | Zot:1    | Entered Level 1 of the Realm of Zot
 54106 | Zot:1    | Reached skill level 23 in Fighting
 54111 | Zot:1    | Noticed a curse toe
 54134 | Zot:1    | Killed a curse toe
 54208 | Zot:1    | Reached skill level 18 in Long Blades
 54455 | Zot:1    | Lost mutation: You are extremely strong-willed. (Will+++)
                  | [Jiyva's grace]
 54455 | Zot:1    | Lost mutation: You passively map the area around you.
                  | [Jiyva's grace]
 54455 | Zot:1    | Lost mutation: Your spells are a little harder to cast, but
                  | a little more powerful. [Jiyva's grace]
 54455 | Zot:1    | Gained mutation: Your melee attacks may engulf your foes in
                  | ooze. [Jiyva's grace]
 54455 | Zot:1    | Gained mutation: You are somewhat resistant to further
                  | mutation. [Jiyva's grace]
 54455 | Zot:1    | Gained mutation: You are somewhat resistant to both further
                  | mutation and mutation removal. [Jiyva's grace]
 54455 | Zot:1    | Gained mutation: You are almost entirely resistant to
                  | further mutation and mutation removal. [Jiyva's grace]
 54728 | Zot:1    | Identified +0 gold dragon scales
 54972 | Zot:1    | HP: 55/236 [black draconian monk (7)]
 54972 | Zot:1    | HP: 10/236 [black draconian shifter/bolt of lightning (34)]
 54986 | Zot:1    | HP: 54/236 [shock serpent/bolt of electricity (5)]
 55541 | Zot:1    | Noticed an electric golem
 55542 | Zot:1    | Noticed an electric golem
 55555 | Zot:1    | Killed an electric golem
 55566 | Zot:1    | Killed an electric golem
 55617 | Zot:1    | Reached skill level 19 in Long Blades
 55882 | Zot:2    | Identified +0 gold dragon scales
 55893 | Zot:2    | Reached skill level 24 in Fighting
 56447 | Zot:3    | Noticed a curse toe
 56448 | Zot:3    | Noticed an electric golem
 56459 | Zot:2    | Killed a curse toe
 56590 | Zot:3    | Noticed an orb of fire
 56606 | Zot:3    | Killed an orb of fire
 56727 | Zot:3    | Killed an electric golem
 57012 | Zot:3    | Reached skill level 20 in Long Blades
 57274 | Zot:4    | Lost mutation: You are highly strong-willed. (Will++)
                  | [Jiyva's grace]
 57274 | Zot:4    | Lost mutation: You are almost entirely resistant to further
                  | mutation and mutation removal. [Jiyva's grace]
 57274 | Zot:4    | Lost mutation: Your muscles are strong. (Str +4, Int/Dex
                  | -1) [Jiyva's grace]
 57274 | Zot:4    | Gained mutation: You are covered in slimy tendrils that may
                  | disarm your opponents. [Jiyva's grace]
 57274 | Zot:4    | Lost mutation: You have large cloven feet. [Jiyva's grace]
 57274 | Zot:4    | Gained mutation: You have sharp toenails. [Jiyva's grace]
 57274 | Zot:4    | Gained mutation: You have razor-sharp toenails. [Jiyva's
                  | grace]
 57274 | Zot:4    | Gained mutation: You have claws for feet. [Jiyva's grace]
 57278 | Zot:4    | Noticed a curse toe
 57287 | Zot:4    | Killed a curse toe
 57399 | Zot:4    | Noticed an orb of fire
 57401 | Zot:4    | Gained mutation: You are frail. (-10% HP) [an orb of fire]
 57416 | Zot:4    | Killed an orb of fire
 57417 | Zot:4    | Reached skill level 25 in Fighting
 57500 | Zot:4    | Found a transporter.
 57527 | Zot:4    | Found a transporter.
 57527 | Zot:4    | Identified the ring "Taduxar" {Ice rElec rPois Will+}
 57527 | Zot:4    | Noticed Josephina
 57557 | Zot:4    | Killed Josephina
 57617 | Zot:4    | Identified the +1 helmet of Lethargy {Will+ Str+3}
 57653 | Zot:4    | Identified the ring of the Townfolk {Fly rN+ Int+6 Slay-5
                  | SInv}
 57662 | Zot:4    | You pick up a book of Power and begin reading...
 57689 | Zot:4    | Noticed a curse toe
 57699 | Zot:4    | Killed a curse toe
 58011 | Zot:5    | Entered Level 5 of the Realm of Zot
 58485 | Zot:5    | Noticed an orb of fire
 58518 | Zot:5    | Killed an orb of fire
 58519 | Zot:5    | Reached skill level 21 in Long Blades
 58541 | Zot:5    | Noticed an orb of fire
 58542 | Zot:5    | Noticed an orb of fire
 58550 | Zot:5    | Noticed an orb of fire
 58555 | Zot:5    | Gained mutation: You are clumsy. (Dex -2) [an orb of fire]
 58555 | Zot:5    | Noticed an ancient lich
 58557 | Zot:5    | Gained mutation: Your magical capacity is low. (-10% MP)
                  | [an orb of fire]
 58557 | Zot:5    | Noticed an orb of fire
 58559 | Zot:5    | Noticed an electric golem
 58561 | Zot:5    | Killed an orb of fire
 58563 | Zot:5    | Noticed an orb of fire
 58564 | Zot:5    | HP: 53/219 [Orb Guardian (12)]
 58571 | Zot:5    | Gained mutation: You occasionally shout uncontrollably at
                  | your foes. [an orb of fire]
 58578 | Zot:5    | Noticed an electric golem
 58582 | Zot:5    | Noticed an orb of fire
 58584 | Zot:5    | Noticed an orb of fire
 58586 | Zot:5    | HP: 22/219 [orb of fire/bolt of fire (46)]
 58592 | Zot:5    | Killed an electric golem
 58594 | Zot:5    | HP: 41/219 [orb of fire/bolt of fire (17)]
 58597 | Zot:5    | HP: 9/219 [orb of fire/bolt of fire (24)]
 58598 | Zot:5    | Killed an orb of fire
 58662 | Zot:5    | Lost mutation: Your magical capacity is low. (-10% MP)
                  | [potion of mutation]
 58811 | Zot:5    | Noticed an orb of fire
 58813 | Zot:5    | Noticed an orb of fire
 58816 | Zot:5    | Killed an orb of fire
 58818 | Zot:5    | HP: 48/219 [orb of fire/fireball (14)]
 58819 | Zot:5    | Gained mutation: Your magical capacity is low. (-10% MP)
                  | [an orb of fire]
 58821 | Zot:5    | HP: 11/219 [orb of fire/fireball (14)]
 58822 | Zot:5    | Killed from afar by an orb of fire

Vanquished Creatures
  Khufu (Crypt:2)
  2 dread liches
  2 ancient liches
  3 orbs of fire
  Mara (Vaults:2)
  Boris (Crypt:3)
  3 royal mummies (Crypt:2)
  Josephina (Zot:4)
  Bai Suzhen (Vaults:2)
  2 Killer Klowns
  Saint Roka (Orc:2)
  Margery (Vaults:2)
  8 caustic shrikes
  4 curse toes
  10 golden dragons
  Nikola (Vaults:3)
  Jory (Crypt:3)
  A profane servitor (Abyss:3)
  6 bone dragons
  A Brimstone Fiend (Zot:5)
  4 electric golems
  18 tentacled monstrosities
  10 Orb Guardians (Zot:5)
  5 liches
  Jorgrun (Elf:2)
  5 deep elf blademasters
  A deep elf master archer (Elf:3)
  8 quicksilver dragons
  5 titans
  7 death cobs
  Asterion (Snake:1)
  5 sphinxes
  An Executioner (Abyss:2)
  10 ancient champions
  Kirke (Lair:4)
  Donald (Snake:1)
  11 tentacled starspawn
  15 storm dragons
  5 tengu reavers
  10 shadow dragons
  4 fenstrider witches
  6 draconian monks
  A daeva (Abyss:4)
  6 frost giants
  3 revenants
  5 nagarajas
  11 fire giants
  An iron dragon (Vaults:5)
  7 draconian knights
  Aizul (Snake:1)
  Louise (Swamp:4)
  A shard shrike simulacrum (Abyss:3)
  6 draconian shifters
  2 curse skulls (Crypt:3)
  10 vault wardens
  8 draconian scorchers
  2 ghost moths
  8 deep elf sorcerers
  An angel (Abyss:3)
  4 orc warlords
  2 cacodemons
  4 deep elf elementalists (Elf:3)
  2 balrugs (Abyss:2)
  11 ghouls
  A reaper (Abyss:4)
  2 juggernaut skeletons (Crypt:3)
  11 draconian annihilators
  18 ironbound preservers
  2 spriggan defenders (Depths:2)
  A war gargoyle (Vaults:5)
  4 draconian stormcallers
  44 very ugly things
  An ironbound thunderhulk (Vaults:4)
  8 vampire knights
  A lorocyproca (Abyss:3)
  Azrael (Snake:1)
  16 white draconians
  17 green draconians
  15 black draconians
  16 stone giants
  2 bunyips (Swamp:3)
  4 eleionomae
  4 deep elf annihilators
  11 purple draconians
  8 dire elephants
  6 red draconians
  3 yellow draconians
  6 deep elf demonologists
  Snorg (Lair:4)
  4 spark wasps
  A green death (Abyss:2)
  10 deep elf death magi
  A blizzard demon (Depths:2)
  2 entropy weavers
  5 eidola
  A merfolk javelineer (Depths:4)
  7 deep elf high priests
  7 jiangshi
  2 shambling mangroves
  2 crystal guardians (Vaults:3)
  21 ettins
  11 fire dragons
  9 hydras
  8 ice dragons
  38 vault guards
  5 salamander tyrants
  A peacekeeper (Vaults:3)
  3 ogre magi (Vaults:5)
  5 rakshasas
  2 spriggan air magi (Depths:2)
  16 yaktaur captains
  A quicksilver dragon skeleton (Crypt:3)
  2 ghost crabs
  9 ironbound frosthearts
  2 death knights
  5 anacondas
  4 boulder beetles
  17 centaur warriors
  13 deep troll shamans
  3 catoblepae (Lair:5)
  A fenstrider witch skeleton (Crypt:3)
  8 hell hogs
  12 two-headed ogres
  14 naga warriors
  8 naga sharpshooters
  9 alligators
  14 deep troll earth magi
  2 orc high priests
  20 death yaks
  6 tengu warriors
  7 thrashing horrors
  32 dancing weapons
  6 vampire magi
  12 hell knights
  5 soul eaters
  3 spriggan berserkers
  Urug (Orc:2)
  11 shock serpents
  Sonja (Orc:2)
  11 spriggans
  2 titan skeletons
  23 wretched stars
  9 sun demons
  6 sixfirhies
  A death drake (Swamp:4)
  13 deep elf knights
  10 iron trolls
  6 sea snakes (Snake:1)
  A spark wasp zombie (Crypt:2)
  5 salamander mystics
  4 shadow wraiths
  64 skeletal warriors
  59 deep trolls
  4 spriggan druids
  7 flayed ghosts
  2 spectral hydras (Swamp:4)
  A skyshark (Lair:4)
  2 storm dragon skeletons
  5 orange crystal statues
  4 goliath frogs
  2 swamp dragons (Swamp:2)
  An anaconda skeleton (Crypt:3)
  An obsidian statue (Zig:2)
  13 deep elf archers
  18 ironbound convokers
  11 bog bodies
  8 orc knights
  4 lindwurms
  3 naga ritualists
  Pikel (D:7)
  A golden dragon zombie (Depths:2)
  8 wizards
  18 phantasmal warriors
  A wolf spider (D:15)
  30 deep elf pyromancers
  6 necromancers
  8 orc sorcerers
  4 harpies
  48 ugly things
  16 deep elf zephyrmancers
  7 manticores
  9 mana vipers
  An oklob plant (Swamp:4)
  3 cyclopes
  A sphinx skeleton (Depths:2)
  2 elephants (shapeshifter)
  11 salamanders
  12 moths of wrath
  2 stone giant skeletons (Crypt:3)
  An apocalypse crab (Zig:3)
  5 elephants
  7 will-o-the-wisps
  6 worldbinders
  9 naga magi
  16 vault sentinels
  A centaur skeleton (Crypt:3)
  4 storm dragon simulacra
  3 orange demons
  8 smoke demons
  25 black mambas
  3 ice statues
  2 guardian serpents
  A gargoyle (D:12)
  3 kobold demonologists
  4 swamp worm zombies (Swamp:4)
  7 cane toads
  12 freezing wraiths
  4 rime drakes
  6 ancient zymes
  A dire elephant skeleton (Crypt:3)
  A yellow draconian zombie (Crypt:3)
  A death yak zombie (Crypt:2)
  30 yaktaurs
  6 tengu conjurers
  9 komodo dragons
  3 efreet
  A red draconian skeleton (Crypt:2)
  5 hydra zombies (Swamp:4)
  A death yak skeleton (Crypt:1)
  An unseen horror skeleton (Crypt:3)
  7 golden dragon simulacra (IceCv)
  A ghost moth simulacrum (Zot:4)
  An ice devil (Depths:2)
  A sea snake skeleton (Crypt:1)
  13 hornets
  A silent spectre (Abyss:3)
  4 polar bears
  9 trolls
  2 hellwings (Abyss:2)
  A harpy skeleton (Crypt:3)
  3 tyrant leeches
  A tarantella (shapeshifter) (D:14)
  Prince Ribbit (D:5)
  22 blink frogs
  A spectral swamp dragon (Swamp:4)
  2 dream sheep (Lair:5)
  25 raiju
  5 alligator zombies (Swamp:4)
  An ettin skeleton (Crypt:3)
  A merfolk skeleton (Crypt:3)
  16 flying skulls
  8 slime creatures (D:12)
  11 wraiths
  A culicivora (shapeshifter) (Zig:2)
  5 vampires
  4 air elementals
  7 ynoxinuls
  13 water elementals
  2 shadows
  3 hogs (Lair:4)
  A black mamba skeleton (Crypt:3)
  5 wyverns
  6 fire bats
  81 yaks
  8 fire elementals
  Grum (D:9)
  6 neqoxecs
  A black draconian simulacrum (Zot:4)
  8 steam dragons
  28 large abominations
  6 basilisks
  3 chaos spawn
  3 spatial vortices (Abyss:4)
  17 swamp worms
  40 nagas
  12 vampire mosquitoes
  5 wargs
  2 two-headed ogre zombies (WizLab)
  2 acid dragons (D:9)
  18 water moccasins
  A hell hound (Snake:1)
  2 moth of wrath simulacra (Zot:4)
  Duvessa (D:7)
  A demonspawn skeleton (Crypt:3)
  6 ice beasts
  A black bear (Lair:2)
  A glowing shapeshifter skeleton (Depths:2)
  A water nymph skeleton (Crypt:3)
  A deep troll skeleton (Crypt:1)
  47 orc warriors
  5 ice dragon simulacra (IceCv)
  2 swamp dragon zombies (Swamp:4)
  3 swamp drakes
  A lindwurm zombie (Vaults:1)
  16 centaurs
  A sky beast (D:6)
  12 ogres
  2 boggarts (Vaults:4)
  26 wolves
  A swamp dragon skeleton (Crypt:1)
  A manticore skeleton (Crypt:1)
  5 phantoms
  Blork the orc (D:5)
  7 kobold brigands
  4 necrophages
  15 bullfrogs
  17 small abominations
  3 earth elementals
  2 scorpions
  12 wights
  A wyvern skeleton (Crypt:3)
  A shapeshifter zombie (Crypt:1)
  8 troll zombies (WizLab)
  Dowan (D:7)
  6 lindwurm simulacra (IceCv)
  11 killer bees
  6 spriggan skeletons
  8 electric eels
  A howler monkey (D:9)
  A lava snake (Snake:3)
  2 centaur zombies (D:7)
  6 quasits
  2 iron imps (Abyss:3)
  9 jellies
  4 hounds
  A human zombie (D:7)
  19 orc priests
  A bullfrog skeleton (Crypt:1)
  57 starcursed masses
  A basilisk skeleton (Crypt:1)
  A black bear skeleton (Crypt:2)
  3 gnoll boudas
  3 iguanas
  29 orc wizards
  5 spectral swamp drakes (Swamp:4)
  A boggart zombie (Crypt:3)
  6 hell rats
  5 lightning spires (Zot:1)
  2 killer bee zombies (D:7)
  An ice beast zombie (Crypt:2)
  6 ogre zombies (WizLab)
  2 hound skeletons
  2 mummies (D:7)
  2 howler monkey zombies (D:7)
  14 adders
  21 gnolls
  4 white imps
  An ufetubus (Abyss:3)
  A dart slug (D:2)
  2 worms (D:2)
  94 orcs
  8 endoplasms
  4 giant cockroaches
  13 goblins
  12 hobgoblins
  9 jackals
  40 kobolds
  9 quokkas
  9 ball pythons
  2 bats (D:1)
  6 frilled lizards
  A jackal skeleton (Crypt:2)
  6 rats
  5 spectral weapons
  7 starspawn tentacles
2654 creatures vanquished.

Vanquished Creatures (collateral kills)
  3 orbs of fire
  An Orb Guardian (Zot:5)
  A sphinx (Vaults:1)
  A storm dragon (Zot:5)
  A vault warden (Vaults:2)
  A very ugly thing (Vaults:1)
  An ironbound preserver (Vaults:1)
  A vault guard (Vaults:2)
  4 deep trolls
  A phantasmal warrior (Vaults:1)
  A wizard (Vaults:4)
  2 ironbound convokers
  2 ugly things (Vaults:1)
  A vault sentinel (Vaults:1)
  A yaktaur (Vaults:1)
22 creatures vanquished.

Vanquished Creatures (others)
  A golden dragon (Depths:2)
  An Orb Guardian (Zot:5)
  A vault warden (Vaults:4)
  A quicksilver ooze (shapeshifter) (Depths:2)
  2 black draconians (Zot:1)
  4 very ugly things
  A spark wasp (Zot:1)
  A white draconian (IceCv)
  A deep elf high priest (Elf:1)
  9 great orbs of eyes
  A yaktaur captain (Vaults:3)
  An ice dragon (Depths:3)
  A boulder beetle (D:13)
  A vampire mage (Crypt:1)
  2 tengu warriors (Depths:2)
  A deep troll earth mage (D:13)
  3 deep elf knights
  A thrashing horror (Abyss:4)
  A spriggan berserker (Depths:2)
  12 glowing orange brains
  2 deep elf archers
  2 ironbound convokers
  2 wizards (Vaults:1)
  3 ugly thing zombies (Vaults:1)
  A deep elf zephyrmancer (Elf:2)
  A sphinx zombie (Vaults:2)
  A necromancer (Depths:2)
  4 starcursed masses (Abyss:4)
  A wolf spider (shapeshifter) (D:13)
  6 shining eyes
  10 human zombies
  A deep elf pyromancer (Elf:2)
  A worldbinder (Zig:5)
  A vault sentinel (Vaults:3)
  A centaur zombie (Vaults:1)
  An eye of devastation (shapeshifter) (Depths:2)
  2 eyes of devastation
  A smoke demon (Abyss:3)
  A rime drake (shapeshifter) (Elf:1)
  3 bloated husks
  A wind drake (shapeshifter) (Vaults:5)
  A dream sheep (shapeshifter) (Depths:2)
  15 slime creatures
  A culicivora (shapeshifter) (Vaults:5)
  A wraith (D:13)
  8 golden eyes (Abyss:4)
  A water elemental (Elf:2)
  4 neqoxecs (Abyss:4)
  3 deep troll zombies
  A naga (Snake:4)
  An entropy weaver zombie (Vaults:1)
  A swamp worm (Swamp:4)
  3 floating eyes
  2 orc warriors (Vaults:5)
  2 swamp drakes (Swamp:3)
  3 boggarts
  2 phantoms (Swamp:4)
  A gnoll sergeant (D:13)
  A necrophage (Crypt:3)
  2 electric eels (Snake:1)
  2 small abominations
  2 quasits
  245 jellies
  An orc priest (Vaults:5)
  An ufetubus (Abyss:2)
  5 orcs
  2 endoplasms (Abyss:4)
  5 ball lightnings (Zot:1)
  8 foxfires
  45 fungi
  A lurking horror (Abyss:3)
  224 plants
  99 spectral weapons
  28 starspawn tentacles
813 creatures vanquished.

Grand Total: 3489 creatures vanquished

Table legend:
 A = Non-vault XP
 B = Vault XP
 C = Vault XP percentage of total XP
 D = Non-vault monster count
 E = Vault monster count
 F = Vault count percentage of total count
                 A         B        C        D         E       F
            +---------+---------+-------+---------+---------+-------
      Total |  943162 |  641612 |  40.5 |    1758 |     918 |  34.3
            +---------+---------+-------+---------+---------+-------
        D:1 |      35 |       0 |   0.0 |      21 |       0 |   0.0
        D:2 |     112 |       0 |   0.0 |      32 |       0 |   0.0
        D:3 |      82 |      11 |  11.8 |      16 |       7 |  30.4
        D:4 |     359 |     300 |  45.5 |      27 |       9 |  25.0
        D:5 |     323 |    1156 |  78.2 |      11 |      15 |  57.7
        D:6 |     573 |       0 |   0.0 |      17 |       0 |   0.0
        D:7 |     488 |    1370 |  73.7 |      17 |      21 |  55.3
        D:8 |    2258 |     503 |  18.2 |      27 |      25 |  48.1
        D:9 |    1908 |    6304 |  76.8 |      18 |      34 |  65.4
       D:10 |    2073 |       0 |   0.0 |      26 |       0 |   0.0
       D:11 |    4684 |       0 |   0.0 |      24 |       0 |   0.0
       D:12 |    6367 |    8917 |  58.3 |      17 |      22 |  56.4
       D:13 |    5208 |   10053 |  65.9 |      16 |      19 |  54.3
       D:14 |    6309 |    6932 |  52.4 |      14 |       8 |  36.4
       D:15 |    7002 |    1767 |  20.2 |      14 |       2 |  12.5
     Lair:1 |    5807 |       0 |   0.0 |      34 |       0 |   0.0
     Lair:2 |    4153 |     131 |   3.1 |      20 |       1 |   4.8
     Lair:3 |   10472 |    3442 |  24.7 |      42 |       8 |  16.0
     Lair:4 |   15454 |    4623 |  23.0 |      30 |      12 |  28.6
     Lair:5 |   11095 |   10531 |  48.7 |      40 |      29 |  42.0
    Swamp:1 |   10923 |       0 |   0.0 |      19 |       0 |   0.0
    Swamp:2 |   10422 |       0 |   0.0 |      24 |       0 |   0.0
    Swamp:3 |   15195 |      31 |   0.2 |      24 |       1 |   4.0
    Swamp:4 |   13981 |   14411 |  50.8 |      29 |      37 |  56.1
    Snake:1 |   24981 |    5963 |  19.3 |      54 |      10 |  15.6
    Snake:2 |   20262 |       0 |   0.0 |      41 |       0 |   0.0
    Snake:3 |    6994 |    4688 |  40.1 |      13 |       7 |  35.0
    Snake:4 |    5077 |   17415 |  77.4 |      10 |      32 |  76.2
      Orc:1 |    6304 |       0 |   0.0 |      52 |       0 |   0.0
      Orc:2 |     887 |   10483 |  92.2 |      14 |      34 |  70.8
      Elf:1 |   10279 |   19006 |  64.9 |      17 |      38 |  69.1
      Elf:2 |   15293 |   24207 |  61.3 |      27 |      31 |  53.4
      Elf:3 |   14528 |   37732 |  72.2 |      24 |      33 |  57.9
   Vaults:1 |   39469 |    3731 |   8.6 |      54 |       5 |   8.5
   Vaults:2 |   37812 |   31350 |  45.3 |      50 |      33 |  39.8
   Vaults:3 |    4672 |   24755 |  84.1 |       6 |      28 |  82.4
   Vaults:4 |   24302 |   17307 |  41.6 |      34 |      24 |  41.4
   Vaults:5 |   29328 |   75920 |  72.1 |      45 |      73 |  61.9
    Crypt:1 |   26454 |       0 |   0.0 |      44 |       0 |   0.0
    Crypt:2 |   23229 |   18725 |  44.6 |      28 |       8 |  22.2
    Crypt:3 |   38815 |   67988 |  63.7 |      52 |      78 |  60.0
   Depths:1 |   28751 |   10440 |  26.6 |      41 |      11 |  21.2
   Depths:2 |   45719 |   50279 |  52.4 |      64 |      52 |  44.8
   Depths:3 |   10644 |   12323 |  53.7 |      10 |      13 |  56.5
   Depths:4 |   59454 |   18817 |  24.0 |      58 |      17 |  22.7
       Hell |    4054 |     803 |  16.5 |       7 |       1 |  12.5
      Zot:1 |   54238 |   28525 |  34.5 |      45 |      32 |  41.6
      Zot:2 |   39277 |       0 |   0.0 |      29 |       0 |   0.0
      Zot:3 |   47250 |    5026 |   9.6 |      35 |       4 |  10.3
      Zot:4 |   24988 |   21534 |  46.3 |      15 |      17 |  53.1
      Zot:5 |   17332 |   42030 |  70.8 |      13 |      18 |  58.1
    Abyss:1 |    7261 |       0 |   0.0 |      14 |       0 |   0.0
    Abyss:2 |   36752 |       0 |   0.0 |     105 |       0 |   0.0
    Abyss:3 |   49299 |     793 |   1.6 |      92 |       1 |   1.1
    Abyss:4 |   36448 |    1324 |   3.5 |      55 |       2 |   3.5
      Zig:1 |     844 |       0 |   0.0 |       3 |       0 |   0.0
      Zig:2 |    2110 |    2180 |  50.8 |       2 |       4 |  66.7
      Zig:3 |    2677 |       0 |   0.0 |      11 |       0 |   0.0
      Zig:4 |    3183 |       0 |   0.0 |       8 |       0 |   0.0
      Zig:5 |     242 |       0 |   0.0 |       1 |       0 |   0.0
     Bailey |       0 |    1891 | 100.0 |       0 |      29 | 100.0
      IceCv |       0 |   11362 | 100.0 |       0 |      28 | 100.0
     WizLab |    8670 |    4533 |  34.3 |      26 |       5 |  16.1
            +---------+---------+-------+---------+---------+-------

Skill      XL: |  1  2  3  4  5  6  7  8  9 10 11 12 13 14 15 16 17 18 19 20 21 22 23 24 25 26 27 |
---------------+----------------------------------------------------------------------------------+-----
Long Blades    | 3 4 5 6 7 9 11 12 14 15 16 17 21 | 21.2
Dodging        | 3 4 5 6 8 9 11 13 15 16 17 19 20 21 22 23 24 26 27 | 27.0
Fighting       | 3 8 11 13 15 17 19 20 21 22 25 | 25.8
Conjurations   | 3 |  3.0
Spellcasting   | 5 6 8 10 | 10.0
Shields        | 4 6 10 11 14 16 | 16.0
Armour         | 1 8 10 | 10.0
Hexes          | 4 8 12 15 | 15.0
Short Blades   | 1 |  1.3
Throwing       | |  1.7

Action                     |  1- 3 |  4- 6 |  7- 9 | 10-12 | 13-15 | 16-18 | 19-21 | 22-24 | 25-27 || total
---------------------------+-------+-------+-------+-------+-------+-------+-------+-------+-------++-------
  Melee: Long sword        |    75 |   120 |   298 |   335 |       |       |       |       |       ||   828
         Short sword       |    18 |       |       |       |       |       |       |       |       ||    18
         Punch             |     1 |       |     2 |     8 |    12 |     3 |       |       |       ||    26
         Touch             |       |    15 |    55 |   127 |   148 |    35 |       |       |       ||   380
         Scimitar          |       |       |       |   278 |   602 |   232 |       |       |       ||  1112
         Unarmed           |       |       |       |       |     2 |       |       |       |       ||     2
         Falchion          |       |       |       |       |       |   551 |       |       |       ||   551
         Demon blade       |       |       |       |       |       |   576 |   979 |  1440 |  2018 ||  5013
         Bite              |       |       |       |       |       |   104 |   283 |   144 |       ||   531
         Double sword      |       |       |       |       |       |       |   194 |       |       ||   194
         Headbutt          |       |       |       |       |       |       |       |   101 |       ||   101
         Rapier            |       |       |       |       |       |       |       |    44 |       ||    44
         Kick              |       |       |       |       |       |       |       |       |   138 ||   138
  Throw: Throwing net      |       |     2 |     2 |       |       |       |       |       |       ||     4
   Cast: Magic Dart        |       |       |       |       |    42 |    18 |     1 |       |       ||    61
         Cause Fear        |       |       |       |       |       |       |       |     5 |     5 ||    10
 Invoke: Oozemancy         |       |       |       |       |       |     2 |     1 |     2 |     2 ||     7
  Evoke: Wand              |       |       |       |    20 |       |     7 |       |       |     4 ||    31
    Use: Scroll            |     3 |     4 |     8 |    12 |     6 |     8 |     1 |    11 |    15 ||    68
         Potion            |       |     1 |     1 |     2 |     2 |    11 |     2 |     2 |    14 ||    35
   Stab: Sleeping          |     1 |     1 |     4 |       |       |     5 |     7 |       |       ||    18
         Paralysed         |       |       |       |       |    16 |     4 |     7 |       |     1 ||    28
         Invisible         |       |       |       |       |       |     3 |       |       |       ||     3
         Distracted        |       |       |       |       |       |    22 |    27 |    24 |    65 ||   138
         Confused          |       |       |       |       |       |       |     1 |     8 |     3 ||    12
         Petrified         |       |       |       |       |       |       |       |       |     3 ||     3
 Armour: Leather armour    |    30 |    18 |    47 |    11 |       |       |       |       |       ||   106
         Quicksilver drago |       |       |       |   100 |   127 |   264 |   192 |    18 |       ||   701
         Steam dragon scal |       |       |       |     9 |       |       |       |       |       ||     9
         Ice dragon scales |       |       |       |       |       |    55 |       |       |       ||    55
         Storm dragon scal |       |       |       |       |       |       |       |   225 |   202 ||   427
         Gold dragon scale |       |       |       |       |       |       |       |    78 |   419 ||   497
  Dodge: Dodged            |    72 |    89 |   243 |   551 |   582 |  1235 |   998 |  1016 |  1757 ||  6543
  Block: Other             |       |       |    34 |    32 |       |       |       |       |       ||    66
         Reflection        |       |       |     4 |     1 |       |    21 |    69 |    75 |   106 ||   276
         Buckler           |       |       |       |       |       |   429 |   731 |   757 |  1201 ||  3118

Illustrated notes

Table legend:
 A = Kills in this place as a percentage of kills in the entire game.
 B = Kills by you in this place as a percentage of kills by you in the entire game.
 C = Kills by friends in this place as a percentage of kills by friends in the entire game.
 D = Other kills in this place as a percentage of other kills in the entire game.
 E = Experience gained in this place as a percentage of experience gained in the entire game.
 F = Experience gained in this place divided by the number of levels of this place that you have seen.
                   A       B       C       D       E      F
               +-------+-------+-------+-------+-------+----------------------
         Total | 100.0 | 100.0 | 100.0 | 100.0 | 100.0 | 22639.6
       Dungeon |  17.2 |  17.3 |   0.0 |  16.7 |   4.7 | 5006.3
          Lair |   8.1 |   8.2 |   0.0 |   0.0 |   4.1 | 13141.6
         Swamp |   5.0 |   5.1 |   0.0 |   0.0 |   4.1 | 16240.8
     Snake Pit |   6.2 |   6.3 |   0.0 |   0.0 |   5.4 | 21345.0
  Orcish Mines |   3.7 |   3.8 |   0.0 |   0.0 |   1.1 | 8837.0
   Elven Halls |   6.4 |   6.2 |   0.0 |  33.3 |   7.6 | 40348.3
        Vaults |  13.2 |  12.6 |  77.3 |  11.1 |  18.2 | 57729.2
         Crypt |   7.8 |   7.9 |   0.0 |  11.1 |  11.1 | 58403.7
        Depths |   9.9 |  10.0 |   0.0 |  11.1 |  14.9 | 59106.8
          Hell |   0.3 |   0.3 |   0.0 |   0.0 |   0.3 | 4857.0
           Zot |   7.8 |   7.7 |  22.7 |   5.6 |  17.7 | 56040.0
         Abyss |  10.1 |  10.2 |   0.0 |   0.0 |   8.3 | 32969.2
      Ziggurat |   1.1 |   1.1 |   0.0 |   5.6 |   0.7 | 2247.2
        Bailey |   1.1 |   1.1 |   0.0 |   0.0 |   0.1 | 1891.0
      Ice Cave |   1.0 |   1.0 |   0.0 |   5.6 |   0.7 | 11362.0
        Wizlab |   1.2 |   1.2 |   0.0 |   0.0 |   0.8 | 13203.0
               +-------+-------+-------+-------+-------+----------------------

Table legend: (Time is in decaauts)
 A = Elapsed time spent in this place.
 B = Non-inter-level travel time spent in this place.
 C = Inter-level travel time spent in this place.
 D = Time resting spent in this place.
 E = Time spent auto-exploring this place.
 F = Levels seen in this place.
 G = Mean time per level.
                   A        B        C        D        E       F      G
               +--------+--------+--------+--------+--------+-----+--------+
         Total |  56464 |  50997 |   5467 |   2110 |  34124 |  70 |  806.6 |
       Dungeon |  16861 |  14843 |   2018 |   1002 |  10509 |  15 | 1124.1 |
          Lair |   6171 |   5438 |    733 |     93 |   4256 |   5 | 1234.2 |
         Swamp |   2324 |   2187 |    137 |    142 |   1372 |   4 |  581.0 |
     Snake Pit |   3593 |   3382 |    211 |     13 |   2357 |   4 |  898.2 |
    Slime Pits |    392 |    297 |     95 |      0 |    191 |   5 |   78.4 |
  Orcish Mines |   1625 |   1341 |    284 |     51 |    969 |   2 |  812.5 |
   Elven Halls |   3235 |   2917 |    318 |    167 |   1773 |   3 | 1078.3 |
        Vaults |   5986 |   5498 |    488 |    106 |   3621 |   5 | 1197.2 |
         Crypt |   3072 |   3001 |     71 |    158 |   1876 |   3 | 1024.0 |
        Depths |   4736 |   3757 |    979 |    114 |   2440 |   4 | 1184.0 |
          Hell |     20 |     20 |      0 |      0 |      0 |   1 |   20.0 |
           Zot |   4224 |   4096 |    128 |     92 |   2727 |   5 |  844.8 |
         Abyss |   2485 |   2485 |      0 |    157 |   1251 |   4 |  621.2 |
      Ziggurat |    144 |    144 |      0 |      0 |      0 |   5 |   28.8 |
        Bazaar |     55 |     55 |      0 |      0 |     27 |   1 |   55.0 |
         Trove |     48 |     48 |      0 |      0 |      0 |   1 |   48.0 |
        Bailey |    654 |    654 |      0 |      0 |    431 |   1 |  654.0 |
      Ice Cave |    546 |    546 |      0 |     12 |    256 |   1 |  546.0 |
        Wizlab |    286 |    286 |      0 |      0 |     66 |   1 |  286.0 |
               +--------+--------+--------+--------+--------+-----+--------+

Top non-repeatable levels by time:
    D:12: 1982 daAuts
     D:5: 1676 daAuts
     D:7: 1672 daAuts
   Zot:1: 1456 daAuts
Depths:2: 1439 daAuts
 Crypt:3: 1409 daAuts
  Lair:3: 1364 daAuts
  Lair:5: 1361 daAuts
    D:13: 1305 daAuts
   Elf:1: 1297 daAuts
Depths:4: 1283 daAuts
Vaults:1: 1280 daAuts
Vaults:3: 1276 daAuts
Vaults:5: 1254 daAuts
  Lair:1: 1247 daAuts
